 Dungeon Crawl Stone Soup version 0.25-a0-425-g0e000e855e (webtiles) character file.

Game seed: 11688610483719059036, levelgen mode: deterministic

271756 Caramio the Peltast (level 19, -1/279 HPs)
             Began as a Deep Dwarf Berserker on Jan 24, 2020.
             Was an Elder of Trog.
             Slain by an azure jelly (3 damage)
             ... created by the Royal Jelly
             ... on level 5 of the Pits of Slime.
             The game lasted 00:45:21 (33832 turns).

Caramio the Peltast (Deep Dwarf Berserker)         Turns: 33832, Time: 00:45:22

Health: -1/279     AC: 10    Str: 33    XL:     19   Next: 84%
Magic:  0/1        EV: 13    Int: 16    God:    Trog [****..]
Gold:   2161       SH: 24    Dex: 12    Spells: 18/18 levels left

rFire    + . .     SeeInvis +   d - +10 broad axe of Uppiuc {flame, rC+ Str-2 Int+6}
rCold    + + +     Gourm    .   r - +0 large shield
rNeg     + . .     Faith    +   x - +10 plate armour of Jigsaw {+Fly Str+2}
rPois    +         Spirit   .   i - +2 helmet
rElec    .         Reflect  .   D - +2 cloak
rCorr    .         Harm     .   s - +0 pair of gloves "Fankaz" {rPois rC+ Int-5}
MR       +++..                  w - +2 pair of boots
Stlth    ..........             k - amulet of faith
HPRegen  0.00/turn              l - ring "Gittat" {rF+ rC+ Int+4 Stlth+}
MPRegen  0.07/turn              c - ring of see invisible

@: berserking (expiring), corroded, non-regenerating, very quick
A: damage resistance, heal wounds, clever 1, magic resistance 1, negative energy
resistance 1, sense surroundings 3, no regeneration
}: 1/15 runes: gossamer
a: Heal Wounds, Berserk, Trog's Hand, Brothers in Arms, Renounce Religion, Evoke
Flight


You were on level 5 of the Pits of Slime.
You worshipped Trog.
Trog was greatly pleased with you.
You were near starving.

You visited 7 branches of the dungeon, and saw 37 of its levels.
You also visited: Sewer.

You collected 4041 gold pieces.
You spent 1880 gold pieces at shops.


Innate Abilities, Weirdness & Mutations

You are resistant to damage.
You can heal yourself by infusing magical energy.
You resist negative energy. (rN+)
You passively map a large area around you.
You do not regenerate.
Your mind is acute. (Int +2)
You are resistant to hostile enchantments. (MR+)


   Skills:
 - Level 15.3 Fighting
 - Level 18.0 Axes
 - Level 19.0 Armour
 + Level 11.9 Dodging
 - Level 19.0 Shields
 + Level 5.4 Evocations


You had 18 spell levels left.
You didn't know any spells.
Your spell library was empty.

Inventory:

Hand Weapons
 d - the +10 broad axe of Uppiuc (weapon) {flame, rC+ Str-2 Int+6}
   (Trog gifted it to you on level 3 of the Vaults)

   It has been specially enchanted to burn those struck by it, causing extra
   injury to most foes and up to half again as much damage against particularly
   susceptible opponents.
   Big, fiery blades are also staple armaments of hydra-hunters.
   It affects your strength (-2).
   It affects your intelligence (+6).
   It protects you from cold.
Armour
 i - a +2 helmet (worn)
 r - a +0 large shield (worn)
 s - the +0 pair of gloves "Fankaz" (worn) {rPois rC+ Int-5}
   (You found it on level 2 of the Lair of Beasts)

   It affects your intelligence (-5).
   It protects you from cold.
   It protects you from poison.
 w - a +2 pair of boots (worn)
 x - the +10 plate armour of Jigsaw (worn) {+Fly Str+2}
   (You found it on level 15 of the Dungeon)

   It affects your strength (+2).
   It lets you fly.
 D - a +2 cloak (worn)
 F - +4 fire dragon scales {Xtahua}
Jewellery
 c - a ring of see invisible (right hand)
 j - a +3 ring of slaying {mikee}
 k - an amulet of faith (around neck)
 l - the ring "Gittat" (left hand) {rF+ rC+ Int+4 Stlth+}
   (You found it on level 15 of the Dungeon)

   [ring of stealth]

   It affects your intelligence (+4).
   It protects you from fire.
   It protects you from cold.
   It makes you more stealthy.
 p - a +3 ring of slaying {mikee}
 A - an uncursed ring of fire
 B - an uncursed ring of see invisible
Wands
 v - a wand of digging (11)
Scrolls
 b - 7 scrolls of remove curse
 f - 16 scrolls of identify
 h - a scroll of enchant armour
 y - 5 scrolls of magic mapping
 z - a scroll of enchant weapon
Potions
 g - 5 potions of curing
 n - 2 potions of mutation
 o - 2 potions of resistance
 q - 4 potions of agility
 t - 2 potions of haste
 E - 4 potions of might
Comestibles
 e - 50 rations

Dungeon Overview and Level Annotations

Branches:
Dungeon (15/15)            Temple (0/1) D:4            Lair (6/6) D:9
 Shoals (1/4) Lair:3       Spider (4/4) Lair:2        Slime (5/5) Lair:5
    Orc (2/2) D:12            Elf (0/3) Orc:2        Vaults (4/5) D:14
  Crypt (0/3) Vaults:3     Depths (0/5) D:15          Sewer (visited)

Altars:
Ashenzari
Dithmenos
Elyvilon
Kikubaaqudgha
Trog
Uskayaw
Vehumet
Wu Jian
Yredelemnul
Zin
Beogh

Shops:
D:7 *   D:10 =   Orc:2 ([%(   Vaults:3 %

Portals:
Trove: D:13 (give horn of Geryon)

Annotations:
D:7 2 transporters, Araneus's ghost, novice NaFi
D:12 1 runed translucent door, Udutwain's ghost, journeyman TrFi
Lair:4 3 runed translucent doors, Oxit's ghost, journeyman DsFE
Slime:5 Royal Jelly


Message History

You block the azure jelly's attack.
You barely miss the azure jelly.
The azure jelly is almost dead.
You barely miss the acid blob. You closely miss the azure jelly.
You hit the Royal Jelly but do no damage.
The acid corrodes you!
Your hands burn!
You barely miss the azure jelly. You block the acid blob's attack.
The Royal Jelly hits you!! The acid corrodes you!
You are splashed with acid!
The Royal Jelly barely misses you. You block the azure jelly's attack. x2
The azure jelly hits you!
The azure jelly hits you but does no damage.
You hit the azure jelly but do no damage.
The azure jelly is almost dead.
You hit the azure jelly. You burn the azure jelly. You slice the Royal Jelly!!
You burn the Royal Jelly!
Your hands burn!
The Royal Jelly shudders violently.
The Royal Jelly spits out three more jellies.
You closely miss the azure jelly. You slice the acid blob!!
You burn the acid blob.
Your hands burn!
You block the azure jelly's attack. The azure jelly hits you.
You die...

..##, , .................
.##,, *, ,
,................. ## **
, ................. , **
, #................ * , *
, #* *#................
#)# #................ * ,
########J...............
, ,
,...#GGJ#J...............
* * , #J@JJ..............
** , **
*###JJ.............. * ,
,*, #................ ,,,
, ,,, #................ ,
, , ,##................ *
, * ##.......^......... *
##.................. **,
#................... * ,
#....................


You could see the Royal Jelly, 2 acid blobs, 4 azure jellies, an eye of
devastation, a death ooze and an eye of draining.

Vanquished Creatures
  Xtahua (Vaults:4)
  Gastronok (D:9)
  11 acid blobs
  Donald (Lair:3)
  3 azure jellies (Slime:5)
  A fire giant (D:15)
  2 frost giants
  A deep elf sorcerer (Vaults:4)
  3 ghost moths
  2 orc warlords
  8 vault wardens
  7 emperor scorpions
  2 entropy weavers
  12 ironheart preservers
  3 stone giants
  A very ugly thing (Vaults:4)
  Nessos (D:15)
  A spark wasp (Spider:3)
  A deep elf annihilator (Vaults:4)
  A dire elephant (Lair:6)
  A death ooze (Slime:5)
  4 fire dragons
  7 yaktaur captains
  15 ogre magi
  3 ice dragons
  Erolcha (Orc:2)
  7 great orbs of eyes
  7 vault guards
  4 hydras
  2 rakshasas
  A catoblepas (Lair:6)
  8 centaur warriors
  A death knight (D:15)
  45 two-headed ogres
  2 deep troll shamans
  2 tengu warriors (D:15)
  2 deep troll earth magi
  6 death yaks
  Nergalle (Orc:1)
  5 deep elf knights
  2 shadow wraiths (Vaults:4)
  4 skeletal warriors (D:15)
  3 unseen horrors
  3 glowing orange brains
  10 deep trolls
  A flayed ghost (Vaults:4)
  2 wizards
  A harpy (Lair:3)
  5 deep elf archers (Vaults:4)
  13 ironbrand convokers
  12 orc knights
  A necromancer (D:15)
  A wolf spider zombie (D:15)
  12 orb spiders
  2 orc sorcerers
  8 deep elf magi
  24 wolf spiders
  8 cyclopes
  2 manticores
  A shining eye (Slime:5)
  18 ugly things
  2 guardian serpents (D:15)
  2 merfolk sirens (Lair:3)
  An oklob plant (Lair:5)
  15 elephants (Lair:6)
  3 moths of wrath
  A black mamba (shapeshifter) (D:14)
  5 centaur zombies
  3 black mambas
  Maurice (Orc:2)
  9 spiny frogs
  2 gargoyles
  10 vault sentinels
  A molten gargoyle (Lair:4)
  2 torpor snails
  3 kobold demonologists
  29 yaktaurs
  9 demonic crawlers
  A rime drake (Lair:3)
  A freezing wraith (Vaults:1)
  6 komodo dragons
  3 efreet
  A polar bear (Lair:6)
  9 trolls
  2 merfolk (Lair:3)
  A queen bee (D:12)
  33 jumping spiders
  A meliai (shapeshifter) (Vaults:1)
  A hornet (shapeshifter) (Vaults:3)
  8 hippogriffs
  Prince Ribbit (D:5)
  34 slime creatures
  8 hornets
  11 blink frogs
  A hippogriff (shapeshifter) (Vaults:4)
  A dream sheep (shapeshifter) (D:14)
  A raiju (shapeshifter) (Vaults:3)
  3 spriggans (D:15)
  84 redbacks
  2 vampires (D:15)
  8 wyverns
  31 yaks
  Eustachio (D:5)
  2 shadows
  2 spriggans (shapeshifter) (Vaults:1)
  20 tarantellas
  9 golden eyes
  5 hogs
  3 wraiths
  A basilisk (shapeshifter) (D:14)
  A golden eye (shapeshifter) (Vaults:3)
  A human (D:7)
  A hungry ghost (D:12)
  7 basilisks
  4 wargs
  2 vampire mosquitoes (D:14)
  Edmund (D:4)
  An acid dragon (D:11)
  2 hell hounds (Lair:5)
  2 floating eyes (D:15)
  2 porcupines (Lair:1)
  3 water moccasins
  4 ice beasts
  2 sky beasts
  54 orc warriors
  3 phantoms
  4 necrophages
  39 ogres
  4 black bears
  4 eyes of draining
  23 centaurs
  7 wolves
  A boggart (D:15)
  11 crocodiles
  5 big kobolds
  22 bullfrogs
  3 gnoll sergeants
  4 scorpions
  2 wyvern skeletons
  2 troll zombies (D:12)
  A water moccasin skeleton (D:11)
  An orc simulacrum (Vaults:2)
  8 killer bees (D:12)
  18 wights
  10 electric eels
  5 crimson imps
  3 bullfrog zombies
  14 hounds
  A quasit (D:15)
  8 centaur skeletons
  16 orc priests
  3 bullfrog skeletons
  23 orc wizards
  5 jellies
  4 iguanas
  9 worker ants
  3 ogre zombies (D:12)
  2 hound zombies
  A hound skeleton (D:7)
  Robin (D:3)
  2 worker ant zombies
  A howler monkey skeleton (D:7)
  15 gnolls
  24 adders
  2 shadow imps
  4 oozes
  An adder zombie (D:7)
  5 worms
  3 dart slugs
  12 leopard geckos
  127 orcs
  5 ball pythons
  8 bats
  7 giant cockroaches
  16 goblins
  14 hobgoblins
  20 jackals
  5 quokkas
  10 frilled lizards
  A giant cockroach zombie (D:5)
  A goblin skeleton (D:12)
  2 goblin zombies (D:12)
  A hobgoblin zombie (D:12)
  A jackal zombie (D:7)
  16 kobolds
  3 orc skeletons (D:12)
  14 orc zombies (D:12)
  A quokka zombie (D:6)
  4 rats
  3 fungi
  4 plants
1402 creatures vanquished.

Vanquished Creatures (collateral kills)
  2 acid blobs
  An azure jelly (Slime:5)
  2 entropy weavers
  3 hydras
  2 great orbs of eyes (Slime:5)
  An orb spider (shapeshifter) (D:15)
  2 wolf spiders (Spider:4)
  14 orb spiders
  A spiny frog (Lair:1)
  A kobold demonologist (D:15)
  A rime drake (Lair:1)
  2 demonic crawlers (Spider:2)
  3 jumping spiders
  3 slime creatures (Slime:2)
  2 blink frogs (Lair:1)
  3 hippogriffs
  7 redbacks
  3 tarantellas
  3 wyverns (Lair:5)
  A basilisk (Lair:5)
  A steam dragon (D:12)
  A water moccasin (Lair:1)
  2 eyes of draining
  A crocodile (Lair:1)
  2 troll zombies (D:12)
  An ogre zombie (D:12)
  3 hobgoblin zombies (D:12)
  An orc zombie (D:12)
69 creatures vanquished.

Vanquished Creatures (others)
  Kirke (D:15)
  A sky beast (D:7)
  An orc wizard (Orc:2)
  A fungus (Lair:6)
  23 plants
27 creatures vanquished.

Grand Total: 1498 creatures vanquished

Notes
Turn   | Place    | Note
-------+----------+-------------------------------------------
     0 | D:1      | Caramio the Deep Dwarf Berserker began the quest for the
                  | Orb.
     0 | D:1      | Reached XP level 1. HP: 20/20 MP: 1/1
     0 | D:1      | 0 ||| counter = 27
     7 | D:1      | Noticed a six-headed hydra
     7 | D:1      | Noticed a black bear
     7 | D:1      | Noticed a komodo dragon
     7 | D:1      | Noticed a hog
    14 | D:1      | 14 ||| Stepping ~*~*~tactically~*~*~ (hiding).
    15 | D:1      | 15 ||| Waiting for ranged monster.
    16 | D:1      | 16 ||| Waiting for ranged monster.
    17 | D:1      | 17 ||| Waiting for ranged monster.
    18 | D:1      | 18 ||| Waiting for ranged monster.
    19 | D:1      | 19 ||| Waiting for ranged monster.
    23 | D:1      | 23 ||| Waiting for ranged monster.
    70 | D:1      | 70 ||| Stepping ~*~*~tactically~*~*~ (stealth).
   111 | D:1      | 111 ||| Stepping ~*~*~tactically~*~*~ (stealth).
   113 | D:1      | 113 ||| Stepping ~*~*~tactically~*~*~ (stealth).
   115 | D:1      | 115 ||| Stepping ~*~*~tactically~*~*~ (stealth).
   118 | D:1      | Reached XP level 2. HP: 21/27 MP: 2/2
   123 | D:1      | 123 ||| Stepping ~*~*~tactically~*~*~ (stealth).
   177 | D:1      | 177 ||| Stepping ~*~*~tactically~*~*~ (stealth).
   179 | D:1      | 179 ||| Stepping ~*~*~tactically~*~*~ (hiding).
   180 | D:1      | 180 ||| Stepping ~*~*~tactically~*~*~ (hiding).
   181 | D:1      | 181 ||| Stepping ~*~*~tactically~*~*~ (hiding).
   182 | D:1      | 182 ||| Stepping ~*~*~tactically~*~*~ (hiding).
   183 | D:1      | 183 ||| Stepping ~*~*~tactically~*~*~ (hiding).
   184 | D:1      | 184 ||| Stepping ~*~*~tactically~*~*~ (hiding).
   185 | D:1      | 185 ||| Waiting for ranged monster.
   186 | D:1      | 186 ||| Waiting for ranged monster.
   191 | D:1      | 191 ||| Waiting for ranged monster.
   192 | D:1      | 192 ||| Waiting for ranged monster.
   193 | D:1      | 193 ||| Waiting for ranged monster.
   196 | D:1      | 196 ||| DROPPING +0 club.
   326 | D:1      | 326 ||| Stepping ~*~*~tactically~*~*~ (stealth).
   352 | D:1      | 352 ||| Stepping ~*~*~tactically~*~*~ (stealth).
   354 | D:1      | 354 ||| Stepping ~*~*~tactically~*~*~ (stealth).
   523 | D:1      | 523 ||| Stepping ~*~*~tactically~*~*~ (stealth).
   528 | D:1      | 528 ||| Stepping ~*~*~tactically~*~*~ (stealth).
   690 | D:1      | 690 ||| Stepping ~*~*~tactically~*~*~ (stealth).
   707 | D:1      | 707 ||| UPGRADING to large shield.
   766 | D:1      | 766 ||| READING 2 scrolls labeled YFACZURUHI.
   767 | D:1      | 767 ||| READING 2 scrolls labeled KIMOJISTRIH.
   768 | D:1      | 768 ||| READING scroll labeled OLYUGRAGONO.
   769 | D:1      | 769 ||| READING scroll labeled HIBBAE ZYEHIG.
   770 | D:1      | 770 ||| READING scroll labeled GIDUSKY DEUMO.
   771 | D:1      | 771 ||| READING scroll labeled TINTUUWUOR.
   772 | D:1      | 772 ||| READING scroll labeled IHUINT PEUN.
   773 | D:1      | 773 ||| READING scroll labeled XAHEEC XIUDEUF.
   778 | D:1      | 778 ||| READING scroll labeled QUPAGREUVA.
   779 | D:1      | 779 ||| READING scroll of identify.
   779 | D:1      | 779 ||| IDENTIFYING opal ring
   780 | D:1      | 780 ||| DROPPING ring of magical power.
   781 | D:1      | 781 ||| DROPPING scroll of immolation.
   805 | D:2      | 805 ||| Stepping ~*~*~tactically~*~*~ (stealth).
   807 | D:2      | 807 ||| Stepping ~*~*~tactically~*~*~ (stealth).
   830 | D:2      | 830 ||| Stepping ~*~*~tactically~*~*~ (stealth).
   832 | D:2      | 832 ||| Stepping ~*~*~tactically~*~*~ (stealth).
   834 | D:2      | 834 ||| Stepping ~*~*~tactically~*~*~ (stealth).
   836 | D:2      | 836 ||| Stepping ~*~*~tactically~*~*~ (stealth).
   870 | D:2      | 870 ||| Stepping ~*~*~tactically~*~*~ (stealth).
   872 | D:2      | 872 ||| Stepping ~*~*~tactically~*~*~ (stealth).
   874 | D:2      | 874 ||| Stepping ~*~*~tactically~*~*~ (stealth).
   876 | D:2      | 876 ||| Stepping ~*~*~tactically~*~*~ (stealth).
   886 | D:2      | 886 ||| INVOKING Heal Wounds.
   889 | D:2      | Reached skill level 1 in Shields
   889 | D:2      | Reached XP level 3. HP: 28/33 MP: 3/3
   901 | D:2      | 901 ||| Stepping ~*~*~tactically~*~*~ (stealth).
   903 | D:2      | 903 ||| Stepping ~*~*~tactically~*~*~ (stealth).
   905 | D:2      | 905 ||| Stepping ~*~*~tactically~*~*~ (stealth).
   993 | D:2      | 993 ||| UPGRADING to ring mail.
  1003 | D:2      | 1003 ||| DROPPING +0 animal skin.
  1055 | D:2      | 1055 ||| Stepping ~*~*~tactically~*~*~ (stealth).
  1056 | D:2      | 1056 ||| Stepping ~*~*~tactically~*~*~ (stealth).
  1057 | D:2      | 1057 ||| Stepping ~*~*~tactically~*~*~ (stealth).
  1072 | D:2      | 1072 ||| INVOKING Berserk.
  1142 | D:2      | 1142 ||| Stepping ~*~*~tactically~*~*~ (stealth).
  1152 | D:2      | 1152 ||| INVOKING Heal Wounds.
  1276 | D:2      | 1276 ||| INVOKING Berserk.
  1281 | D:2      | Reached ** piety under Trog
  1478 | D:2      | 1478 ||| Stepping ~*~*~tactically~*~*~ (stealth).
  1481 | D:2      | Reached XP level 4. HP: 34/40 MP: 3/3
  1497 | D:2      | 1497 ||| INVOKING Heal Wounds.
  1724 | D:2      | 1724 ||| UPGRADING to scale mail.
  1734 | D:2      | 1734 ||| DROPPING +0 ring mail.
  1813 | D:3      | 1813 ||| UPGRADING to chain mail.
  1818 | D:3      | 1818 ||| UPGRADING to chain mail.
  1828 | D:3      | 1828 ||| DROPPING +0 scale mail.
  1846 | D:3      | 1846 ||| Stepping ~*~*~tactically~*~*~ (stealth).
  1847 | D:3      | 1847 ||| Stepping ~*~*~tactically~*~*~ (stealth).
  1852 | D:3      | 1852 ||| Stepping ~*~*~tactically~*~*~ (stealth).
  1855 | D:3      | 1855 ||| Stepping ~*~*~tactically~*~*~ (stealth).
  1857 | D:3      | 1857 ||| Stepping ~*~*~tactically~*~*~ (hiding).
  1858 | D:3      | 1858 ||| Stepping ~*~*~tactically~*~*~ (hiding).
  1861 | D:3      | 1861 ||| INVOKING Berserk.
  1885 | D:3      | 1885 ||| FLEEEEING.
  1886 | D:3      | 1886 ||| FLEEEEING.
  1887 | D:3      | 1887 ||| FLEEEEING.
  1888 | D:3      | 1888 ||| FLEEEEING.
  1889 | D:3      | 1889 ||| FLEEEEING.
  1890 | D:3      | 1890 ||| FLEEEEING.
  1891 | D:3      | 1891 ||| FLEEEEING.
  1892 | D:3      | 1892 ||| FLEEEEING.
  1893 | D:3      | 1893 ||| FLEEEEING.
  1894 | D:3      | 1894 ||| FLEEEEING.
  1895 | D:3      | 1895 ||| STAIRDANCE
  1902 | D:2      | 1902 ||| READING 2 scrolls of identify.
  1902 | D:2      | 1902 ||| IDENTIFYING fuming white potion
  1907 | D:3      | Reached XP level 5. HP: 24/46 MP: 4/4
  1942 | D:3      | 1942 ||| UPGRADING to flail.
  1943 | D:3      | 1943 ||| SWAPPING to +0 hand axe.
  1944 | D:3      | 1944 ||| DROPPING +0 whip.
  1960 | D:3      | Noticed Robin
  1975 | D:3      | Reached skill level 6 in Axes
  1987 | D:3      | Killed Robin
  2028 | D:3      | 2028 ||| UPGRADING to +0 helmet.
  2036 | D:3      | 2036 ||| Stepping ~*~*~tactically~*~*~ (hiding).
  2037 | D:3      | 2037 ||| Waiting for ranged monster.
  2038 | D:3      | 2038 ||| Waiting for ranged monster.
  2039 | D:3      | 2039 ||| Waiting for ranged monster.
  2041 | D:3      | 2041 ||| INVOKING Berserk.
  2046 | D:3      | Reached skill level 3 in Shields
  2062 | D:3      | 2062 ||| Stepping ~*~*~tactically~*~*~ (stealth).
  2154 | D:3      | 2154 ||| Stepping ~*~*~tactically~*~*~ (stealth).
  2160 | D:3      | 2160 ||| Stepping ~*~*~tactically~*~*~ (stealth).
  2169 | D:3      | Found a faded altar of an unknown god.
  2250 | D:3      | 2250 ||| Stepping ~*~*~tactically~*~*~ (stealth).
  2343 | D:3      | 2343 ||| Stepping ~*~*~tactically~*~*~ (stealth).
  2344 | D:3      | 2344 ||| Stepping ~*~*~tactically~*~*~ (stealth).
  2427 | D:3      | 2427 ||| Stepping ~*~*~tactically~*~*~ (stealth).
  2433 | D:3      | 2433 ||| Stepping ~*~*~tactically~*~*~ (stealth).
  2443 | D:3      | 2443 ||| INVOKING Heal Wounds.
  2452 | D:3      | 2452 ||| Stepping ~*~*~tactically~*~*~ (stealth).
  2464 | D:3      | Reached *** piety under Trog
  2503 | D:3      | 2503 ||| DRINKING 2 amethyst potions.
  2504 | D:3      | 2504 ||| READING 2 scrolls of identify.
  2504 | D:3      | 2504 ||| IDENTIFYING metallic sapphire potion
  2505 | D:3      | 2505 ||| DROPPING potion of lignification.
  2539 | D:4      | Noticed an ogre
  2542 | D:4      | 2542 ||| STAIRDANCE
  2547 | D:4      | Noticed an ogre
  2548 | D:4      | 2548 ||| STAIRDANCE
  2561 | D:4      | 2561 ||| STAIRDANCE
  2563 | D:3      | 2563 ||| INVOKING Berserk.
  2570 | D:3      | Killed an ogre
  2570 | D:3      | Reached XP level 6. HP: 55/55 MP: 5/5
  2604 | D:3      | 2604 ||| SWAPPING to +3 hand axe.
  2607 | D:3      | 2607 ||| DROPPING +0 hand axe.
  2611 | D:4      | 2611 ||| INVOKING Berserk.
  2620 | D:4      | 2620 ||| STAIRDANCE
  2701 | D:4      | 2701 ||| INVOKING Berserk.
  2706 | D:4      | Reached XP level 7. HP: 39/61 MP: 6/6
  2711 | D:4      | 2711 ||| INVOKING Heal Wounds.
  2792 | D:4      | 2792 ||| READING scroll of enchant armour.
  2792 | D:4      | 2792 ||| ENCHANTING +0 helmet.
  2808 | D:4      | 2808 ||| Stepping ~*~*~tactically~*~*~ (hiding).
  2809 | D:4      | 2809 ||| Waiting for ranged monster.
  2815 | D:4      | 2815 ||| Waiting for ranged monster.
  2816 | D:4      | 2816 ||| Waiting for ranged monster.
  2817 | D:4      | 2817 ||| Waiting for ranged monster.
  2826 | D:4      | 2826 ||| Stepping ~*~*~tactically~*~*~ (stealth).
  2912 | D:4      | 2912 ||| UPGRADING to thick fluorescent amulet.
  2913 | D:4      | 2913 ||| READING 2 scrolls of remove curse.
  2914 | D:4      | 2914 ||| REMOVING amulet of inaccuracy.
  2915 | D:4      | 2915 ||| DROPPING amulet of inaccuracy.
  3045 | D:4      | 3045 ||| Stepping ~*~*~tactically~*~*~ (hiding).
  3046 | D:4      | 3046 ||| Stepping ~*~*~tactically~*~*~ (hiding).
  3051 | D:4      | 3051 ||| Waiting for ranged monster.
  3052 | D:4      | 3052 ||| Waiting for ranged monster.
  3053 | D:4      | 3053 ||| Waiting for ranged monster.
  3054 | D:4      | 3054 ||| Waiting for ranged monster.
  3055 | D:4      | 3055 ||| Waiting for ranged monster.
  3057 | D:4      | Found a staircase to the Ecumenical Temple.
  3112 | D:4      | 3112 ||| UPGRADING to tiny amethyst amulet.
  3113 | D:4      | 3113 ||| REMOVING amulet of rage.
  3114 | D:4      | 3114 ||| DROPPING amulet of rage.
  3169 | D:4      | Noticed Edmund
  3211 | D:4      | Killed Edmund
  3217 | D:4      | 3217 ||| DROPPING +0 flail.
  3245 | D:4      | 3245 ||| Stepping ~*~*~tactically~*~*~ (stealth).
  3247 | D:4      | 3247 ||| Stepping ~*~*~tactically~*~*~ (hiding).
  3248 | D:4      | 3248 ||| Waiting for ranged monster.
  3249 | D:4      | 3249 ||| Waiting for ranged monster.
  3250 | D:4      | 3250 ||| Waiting for ranged monster.
  3270 | D:4      | Reached skill level 3 in Fighting
  3437 | D:4      | 3437 ||| DRINKING 2 bubbling emerald potions.
  3438 | D:4      | 3438 ||| READING 2 scrolls of identify.
  3438 | D:4      | 3438 ||| IDENTIFYING green potion
  3439 | D:4      | 3439 ||| DROPPING potion of flight.
  3487 | D:5      | Entered Level 5 of the Dungeon
  3500 | D:5      | 3500 ||| Stepping ~*~*~tactically~*~*~ (stealth).
  3502 | D:5      | 3502 ||| Stepping ~*~*~tactically~*~*~ (stealth).
  3507 | D:5      | 3507 ||| INVOKING Berserk.
  3515 | D:5      | Reached skill level 9 in Axes
  3516 | D:5      | Reached XP level 8. HP: 53/69 MP: 7/7
  3523 | D:5      | 3523 ||| STAIRDANCE
  3525 | D:4      | 3525 ||| INVOKING Heal Wounds.
  3526 | D:4      | 3526 ||| EATING 6 rations.
  3593 | D:5      | 3593 ||| Stepping ~*~*~tactically~*~*~ (stealth).
  3594 | D:5      | 3594 ||| Stepping ~*~*~tactically~*~*~ (stealth).
  3604 | D:5      | Reached skill level 3 in Armour
  3608 | D:5      | 3608 ||| Stepping ~*~*~tactically~*~*~ (stealth).
  3636 | D:5      | Found an ornate altar of the Wu Jian Council.
  3657 | D:5      | 3657 ||| Stepping ~*~*~tactically~*~*~ (hiding).
  3700 | D:5      | Noticed Prince Ribbit
  3705 | D:5      | 3705 ||| INVOKING Berserk.
  3710 | D:5      | 3710 ||| READING scroll of teleportation.
  3743 | D:5      | 3743 ||| Stepping ~*~*~tactically~*~*~ (hiding).
  3744 | D:5      | 3744 ||| Waiting for ranged monster.
  3745 | D:5      | 3745 ||| Waiting for ranged monster.
  3746 | D:5      | 3746 ||| Waiting for ranged monster.
  3747 | D:5      | 3747 ||| Waiting for ranged monster.
  3748 | D:5      | 3748 ||| Waiting for ranged monster.
  3755 | D:5      | 3755 ||| Stepping ~*~*~tactically~*~*~ (hiding).
  3756 | D:5      | 3756 ||| Waiting for ranged monster.
  3757 | D:5      | 3757 ||| Waiting for ranged monster.
  3763 | D:5      | 3763 ||| Waiting for ranged monster.
  3764 | D:5      | 3764 ||| Waiting for ranged monster.
  3766 | D:5      | 3766 ||| Stepping ~*~*~tactically~*~*~ (hiding).
  3767 | D:5      | 3767 ||| Waiting for ranged monster.
  3768 | D:5      | 3768 ||| Waiting for ranged monster.
  3769 | D:5      | 3769 ||| Waiting for ranged monster.
  3775 | D:5      | 3775 ||| Stepping ~*~*~tactically~*~*~ (hiding).
  3776 | D:5      | 3776 ||| Waiting for ranged monster.
  3777 | D:5      | 3777 ||| Waiting for ranged monster.
  3821 | D:5      | Reached **** piety under Trog
  3882 | D:5      | 3882 ||| Stepping ~*~*~tactically~*~*~ (stealth).
  3897 | D:5      | 3897 ||| Stepping ~*~*~tactically~*~*~ (stealth).
  3903 | D:5      | 3903 ||| Stepping ~*~*~tactically~*~*~ (stealth).
  3917 | D:5      | 3917 ||| UPGRADING to +0 chain mail of fire resistance.
  3927 | D:5      | 3927 ||| DROPPING +0 chain mail.
  3939 | D:5      | 3939 ||| UPGRADING to runed garnet ring.
  3940 | D:5      | 3940 ||| REMOVING ring of fire.
  4023 | D:5      | Noticed Eustachio
  4056 | D:5      | Killed Eustachio
  4090 | D:5      | 4090 ||| INVOKING Berserk.
  4141 | D:5      | 4141 ||| Stepping ~*~*~tactically~*~*~ (stealth).
  4227 | D:5      | 4227 ||| INVOKING Heal Wounds.
  4378 | D:5      | 4378 ||| INVOKING Berserk.
  4382 | D:5      | Killed Prince Ribbit
  4512 | D:5      | 4512 ||| READING scroll labeled YNATSAGHIOT.
  4513 | D:5      | 4513 ||| READING scroll labeled PIRRIOTTO GACE.
  4514 | D:5      | 4514 ||| READING 3 scrolls of identify.
  4514 | D:5      | 4514 ||| IDENTIFYING fizzy brown potion
  4515 | D:5      | 4515 ||| READING 2 scrolls of identify.
  4515 | D:5      | 4515 ||| IDENTIFYING purple potion
  4545 | D:6      | 4545 ||| STAIRDANCE
  4563 | D:6      | Found a white marble altar of Elyvilon.
  4577 | D:6      | 4577 ||| Stepping ~*~*~tactically~*~*~ (stealth).
  4578 | D:6      | 4578 ||| Stepping ~*~*~tactically~*~*~ (stealth).
  4579 | D:6      | 4579 ||| Stepping ~*~*~tactically~*~*~ (stealth).
  4580 | D:6      | 4580 ||| Stepping ~*~*~tactically~*~*~ (stealth).
  4588 | D:6      | 4588 ||| Stepping ~*~*~tactically~*~*~ (hiding).
  4589 | D:6      | 4589 ||| Stepping ~*~*~tactically~*~*~ (hiding).
  4590 | D:6      | 4590 ||| Stepping ~*~*~tactically~*~*~ (hiding).
  4591 | D:6      | 4591 ||| Waiting for ranged monster.
  4592 | D:6      | 4592 ||| Waiting for ranged monster.
  4593 | D:6      | 4593 ||| Stepping ~*~*~tactically~*~*~ (hiding).
  4594 | D:6      | 4594 ||| Stepping ~*~*~tactically~*~*~ (hiding).
  4595 | D:6      | 4595 ||| Stepping ~*~*~tactically~*~*~ (hiding).
  4604 | D:6      | 4604 ||| INVOKING Berserk.
  4605 | D:6      | Reached skill level 1 in Evocations
  4620 | D:6      | Reached skill level 6 in Shields
  4626 | D:6      | 4626 ||| FLEEEEING.
  4627 | D:6      | 4627 ||| FLEEEEING.
  4628 | D:6      | 4628 ||| FLEEEEING.
  4629 | D:6      | 4629 ||| STILL FLEEEEING.
  4630 | D:6      | 4630 ||| STILL FLEEEEING.
  4631 | D:6      | 4631 ||| FLEEEEING.
  4632 | D:6      | 4632 ||| FLEEEEING.
  4633 | D:6      | 4633 ||| STAIRDANCE
  4635 | D:5      | 4635 ||| EATING 8 rations.
  4672 | D:6      | 4672 ||| INVOKING Berserk.
  4797 | D:6      | 4797 ||| Stepping ~*~*~tactically~*~*~ (hiding).
  4798 | D:6      | 4798 ||| Waiting for ranged monster.
  4799 | D:6      | 4799 ||| Waiting for ranged monster.
  4820 | D:6      | Reached skill level 3 in Evocations
  4834 | D:6      | Gained mutation: You passively map the area around you.
                  | [Deep Dwarf growth]
  4834 | D:6      | Reached XP level 9. HP: 44/79 MP: 9/9
  4836 | D:6      | 4836 ||| INVOKING Heal Wounds.
  4860 | D:6      | 4860 ||| INVOKING Berserk.
  4938 | D:6      | 4938 ||| UPGRADING to thin diamond amulet.
  4987 | D:6      | Found a glowing drain.
  4988 | D:6      | 4988 ||| Found Sewer.
  4999 | D:6      | 4999 ||| INVOKING Berserk.
  5007 | D:6      | 5007 ||| INVOKING Heal Wounds.
  5060 | Sewer    | Entered a sewer
  5061 | Sewer    | 5061 ||| Entered Sewer.
  5120 | Sewer    | Reached skill level 3 in Dodging
  5234 | Sewer    | 5234 ||| Stepping ~*~*~tactically~*~*~ (water).
  5442 | Sewer    | 5442 ||| Stepping ~*~*~tactically~*~*~ (water).
  5619 | Sewer    | 5619 ||| READING scroll labeled VEYXAL BIPH.
  5620 | Sewer    | 5620 ||| DRINKING 2 bubbling pink potions.
  5621 | Sewer    | 5621 ||| READING 3 scrolls of identify.
  5621 | Sewer    | 5621 ||| IDENTIFYING fuming blue potion
  5622 | Sewer    | 5622 ||| DROPPING potion of magic.
  5623 | Sewer    | 5623 ||| DROPPING potion of invisibility.
  5712 | D:6      | 5712 ||| UPGRADING to glowing ruby ring.
  5713 | D:6      | 5713 ||| READING 3 scrolls of remove curse.
  5762 | D:6      | 5762 ||| EATING 10 rations.
  5864 | D:6      | Found a radiant altar of Vehumet.
  5867 | D:6      | 5867 ||| Stepping ~*~*~tactically~*~*~ (hiding).
  5870 | D:6      | 5870 ||| Waiting for ranged monster.
  5871 | D:6      | 5871 ||| Waiting for ranged monster.
  5872 | D:6      | 5872 ||| Waiting for ranged monster.
  5873 | D:6      | 5873 ||| Waiting for ranged monster.
  5874 | D:6      | 5874 ||| Waiting for ranged monster.
  5875 | D:6      | 5875 ||| Waiting for ranged monster.
  5876 | D:6      | 5876 ||| Waiting for ranged monster.
  5886 | D:6      | 5886 ||| INVOKING Berserk.
  5931 | D:6      | 5931 ||| UPGRADING to tubular diamond ring.
  6400 | D:6      | 6400 ||| Stepping ~*~*~tactically~*~*~ (stealth).
  6401 | D:6      | 6401 ||| Stepping ~*~*~tactically~*~*~ (stealth).
  6404 | D:6      | 6404 ||| Stepping ~*~*~tactically~*~*~ (stealth).
  6405 | D:6      | 6405 ||| Stepping ~*~*~tactically~*~*~ (stealth).
  6406 | D:6      | 6406 ||| Stepping ~*~*~tactically~*~*~ (stealth).
  6407 | D:6      | 6407 ||| Stepping ~*~*~tactically~*~*~ (stealth).
  6408 | D:6      | 6408 ||| Stepping ~*~*~tactically~*~*~ (stealth).
  6425 | D:6      | 6425 ||| DROPPING +2 vorpal flail.
  6628 | D:7      | 6628 ||| INVOKING Heal Wounds.
  6658 | D:7      | 6658 ||| SWAPPING to +2 war axe.
  6659 | D:7      | 6659 ||| Stepping ~*~*~tactically~*~*~ (stealth).
  6660 | D:7      | 6660 ||| DROPPING +3 hand axe.
  6672 | D:7      | Reached ***** piety under Trog
  6672 | D:7      | Received a gift from Trog
  6673 | D:7      | 6673 ||| Stepping ~*~*~tactically~*~*~ (stealth).
  6674 | D:7      | 6674 ||| Stepping ~*~*~tactically~*~*~ (hiding).
  6675 | D:7      | 6675 ||| Stepping ~*~*~tactically~*~*~ (hiding).
  6676 | D:7      | 6676 ||| Stepping ~*~*~tactically~*~*~ (hiding).
  6677 | D:7      | 6677 ||| Stepping ~*~*~tactically~*~*~ (hiding).
  6680 | D:7      | 6680 ||| Stepping ~*~*~tactically~*~*~ (stealth).
  6698 | D:7      | Identified the Catalogue of Twisted Envenoming
  6701 | D:7      | Found a hide-covered altar of Uskayaw.
  6774 | D:7      | 6774 ||| Stepping ~*~*~tactically~*~*~ (stealth).
  6776 | D:7      | 6776 ||| Stepping ~*~*~tactically~*~*~ (hiding).
  6778 | D:7      | 6778 ||| Waiting for ranged monster.
  6794 | D:7      | 6794 ||| Stepping ~*~*~tactically~*~*~ (hiding).
  6797 | D:7      | 6797 ||| Waiting for ranged monster.
  6804 | D:7      | 6804 ||| Stepping ~*~*~tactically~*~*~ (hiding).
  6808 | D:7      | 6808 ||| Waiting for ranged monster.
  6809 | D:7      | 6809 ||| Waiting for ranged monster.
  6810 | D:7      | 6810 ||| Waiting for ranged monster.
  6811 | D:7      | 6811 ||| Waiting for ranged monster.
  6812 | D:7      | 6812 ||| Waiting for ranged monster.
  6813 | D:7      | 6813 ||| Waiting for ranged monster.
  6843 | D:7      | 6843 ||| Stepping ~*~*~tactically~*~*~ (stealth).
  6919 | D:7      | 6919 ||| Stepping ~*~*~tactically~*~*~ (hiding).
  6920 | D:7      | 6920 ||| Stepping ~*~*~tactically~*~*~ (hiding).
  6921 | D:7      | 6921 ||| Waiting for ranged monster.
  6968 | D:7      | 6968 ||| INVOKING Heal Wounds.
  7019 | D:7      | 7019 ||| Stepping ~*~*~tactically~*~*~ (stealth).
  7038 | D:7      | Reached XP level 10. HP: 79/88 MP: 0/11
  7043 | D:7      | 7043 ||| SWAPPING to +3 broad axe of freezing.
  7044 | D:7      | 7044 ||| DROPPING +2 war axe.
  7055 | D:7      | Got a bronze plate armour
  7056 | D:7      | 7056 ||| UPGRADING to bronze plate armour.
  7066 | D:7      | Identified the +2 plate armour of Monotheism {rCorr Dex+4
                  | Slay+2} (You found it on level 7 of the Dungeon)
  7066 | D:7      | 7066 ||| DROPPING +0 chain mail of fire resistance.
  7137 | D:7      | 7137 ||| UPGRADING to triangular pearl amulet.
  7139 | D:7      | 7139 ||| DROPPING +3 amulet of reflection.
  7237 | D:7      | Found a transporter.
  7238 | D:7      | 7238 ||| UPGRADING to ring of see invisible.
  7240 | D:7      | 7240 ||| REMOVING ring of see invisible.
  7241 | D:7      | 7241 ||| UPGRADING to ring of protection from cold.
  7242 | D:7      | 7242 ||| READING 3 scrolls of remove curse.
  7246 | D:7      | 7246 ||| Stepping ~*~*~tactically~*~*~ (stealth).
  7248 | D:7      | Found Enaif's Assorted Antiques.
  7251 | D:7      | Bought a potion of heal wounds for 140 gold pieces
  7251 | D:7      | Bought a potion of mutation for 224 gold pieces
  7251 | D:7      | 7251 ||| SHOPLISTING glowing plate armour (728 gold, have
                  | 171).
  7251 | D:7      | Bought a golden potion for 25 gold pieces
  7251 | D:7      | Bought a scroll of identify for 56 gold pieces
  7251 | D:7      | Bought a scroll of teleportation for 84 gold pieces
  7268 | D:7      | Noticed a cyclops
  7270 | D:7      | Found a transporter.
  7277 | D:7      | Noticed Araneus's ghost (novice NaFi)
  7282 | D:7      | Found a bloodstained altar of Trog.
  7282 | D:7      | Noticed a moth of wrath
  7283 | D:7      | 7283 ||| INVOKING Brothers in Arms.
  7284 | D:7      | 7284 ||| INVOKING Berserk.
  7401 | D:7      | 7401 ||| UPGRADING to glowing hat.
  7411 | D:7      | 7411 ||| UPGRADING to +1 helmet.
  7421 | D:7      | 7421 ||| DROPPING +1 hat.
  7649 | D:7      | Reached skill level 6 in Armour
  7650 | D:7      | Reached skill level 12 in Axes
  7789 | D:7      | 7789 ||| READING 3 scrolls of identify.
  7789 | D:7      | 7789 ||| IDENTIFYING golden potion
  7790 | D:7      | 7790 ||| READING 2 scrolls of identify.
  7790 | D:7      | 7790 ||| IDENTIFYING black potion
  7791 | D:7      | 7791 ||| DROPPING potion of berserk rage.
  7792 | D:7      | 7792 ||| DROPPING potion of brilliance.
  7833 | D:8      | 7833 ||| STAIRDANCE
  7840 | D:8      | 7840 ||| STAIRDANCE
  7849 | D:8      | 7849 ||| STAIRDANCE
  7860 | D:7      | 7860 ||| DROPPING +0 flail of protection.
  7946 | D:8      | 7946 ||| INVOKING Berserk.
  8115 | D:8      | 8115 ||| Stepping ~*~*~tactically~*~*~ (stealth).
  8117 | D:8      | 8117 ||| Stepping ~*~*~tactically~*~*~ (hiding).
  8118 | D:8      | 8118 ||| Stepping ~*~*~tactically~*~*~ (hiding).
  8119 | D:8      | 8119 ||| Stepping ~*~*~tactically~*~*~ (hiding).
  8120 | D:8      | 8120 ||| Stepping ~*~*~tactically~*~*~ (hiding).
  8121 | D:8      | 8121 ||| Stepping ~*~*~tactically~*~*~ (hiding).
  8122 | D:8      | 8122 ||| Stepping ~*~*~tactically~*~*~ (hiding).
  8123 | D:8      | 8123 ||| INVOKING Heal Wounds.
  8124 | D:8      | 8124 ||| Waiting for ranged monster.
  8125 | D:8      | 8125 ||| Waiting for ranged monster.
  8129 | D:8      | 8129 ||| DRINKING 6 potions of curing.
  8129 | D:8      | 8129 ||| (to cure confusion)
  8183 | D:8      | 8183 ||| Stepping ~*~*~tactically~*~*~ (stealth).
  8284 | D:8      | Received a gift from Trog
  8644 | D:9      | Noticed Gastronok
  8647 | D:9      | 8647 ||| INVOKING Berserk.
  8654 | D:9      | Killed Gastronok
  8655 | D:9      | 8655 ||| EATING 18 rations.
  8687 | D:9      | 8687 ||| FLEEEEING.
  8688 | D:9      | 8688 ||| STILL FLEEEEING.
  8689 | D:9      | 8689 ||| STAIRDANCE
  8707 | D:9      | Found a staircase to the Lair.
  8709 | D:9      | 8709 ||| Stepping ~*~*~tactically~*~*~ (water).
  8711 | D:9      | 8711 ||| Stepping ~*~*~tactically~*~*~ (water).
  8712 | D:9      | 8712 ||| INVOKING Berserk.
  8717 | D:9      | Reached XP level 11. HP: 80/102 MP: 12/12
  8728 | D:9      | 8728 ||| INVOKING Heal Wounds.
  8729 | D:9      | 8729 ||| INVOKING Heal Wounds.
  8760 | D:9      | 8760 ||| Stepping ~*~*~tactically~*~*~ (stealth).
  8778 | D:9      | 8778 ||| Stepping ~*~*~tactically~*~*~ (stealth).
  8779 | D:9      | 8779 ||| Stepping ~*~*~tactically~*~*~ (stealth).
  8846 | D:9      | 8846 ||| READING scroll of enchant armour.
  8846 | D:9      | 8846 ||| ENCHANTING +1 helmet.
  8923 | D:9      | Noticed a two-headed ogre
  8928 | D:9      | 8928 ||| INVOKING Berserk.
  8932 | D:9      | Killed a two-headed ogre
  8980 | D:9      | 8980 ||| Stepping ~*~*~tactically~*~*~ (stealth).
  8981 | D:9      | 8981 ||| Stepping ~*~*~tactically~*~*~ (stealth).
  8985 | D:9      | 8985 ||| Stepping ~*~*~tactically~*~*~ (stealth).
  8986 | D:9      | 8986 ||| Stepping ~*~*~tactically~*~*~ (stealth).
  8987 | D:9      | 8987 ||| Stepping ~*~*~tactically~*~*~ (stealth).
  9108 | D:9      | 9108 ||| Stepping ~*~*~tactically~*~*~ (stealth).
  9109 | D:9      | 9109 ||| Stepping ~*~*~tactically~*~*~ (stealth).
  9110 | D:9      | 9110 ||| Stepping ~*~*~tactically~*~*~ (stealth).
  9130 | D:9      | 9130 ||| Stepping ~*~*~tactically~*~*~ (stealth).
  9377 | D:9      | 9377 ||| READING scroll labeled ZULUOR JE LOOS.
  9378 | D:9      | 9378 ||| INVOKING Heal Wounds.
  9379 | D:9      | 9379 ||| INVOKING Heal Wounds.
  9380 | D:9      | 9380 ||| INVOKING Heal Wounds.
  9381 | D:9      | 9381 ||| READING 2 scrolls of identify.
  9381 | D:9      | 9381 ||| IDENTIFYING puce potion
  9382 | D:9      | 9382 ||| DROPPING potion of ambrosia.
  9415 | Lair:1   | Entered Level 1 of the Lair of Beasts
  9416 | Lair:1   | 9416 ||| Entered L.
  9506 | Lair:1   | 9506 ||| Stepping ~*~*~tactically~*~*~ (stealth).
  9510 | Lair:1   | 9510 ||| Stepping ~*~*~tactically~*~*~ (stealth).
  9511 | Lair:1   | 9511 ||| Stepping ~*~*~tactically~*~*~ (stealth).
  9512 | Lair:1   | 9512 ||| Stepping ~*~*~tactically~*~*~ (stealth).
  9515 | Lair:1   | 9515 ||| Stepping ~*~*~tactically~*~*~ (stealth).
  9516 | Lair:1   | 9516 ||| Stepping ~*~*~tactically~*~*~ (stealth).
  9517 | Lair:1   | 9517 ||| Stepping ~*~*~tactically~*~*~ (stealth).
  9519 | Lair:1   | 9519 ||| Stepping ~*~*~tactically~*~*~ (stealth).
  9521 | Lair:1   | 9521 ||| Stepping ~*~*~tactically~*~*~ (stealth).
  9522 | Lair:1   | 9522 ||| Stepping ~*~*~tactically~*~*~ (stealth).
  9523 | Lair:1   | 9523 ||| Stepping ~*~*~tactically~*~*~ (stealth).
  9524 | Lair:1   | 9524 ||| Stepping ~*~*~tactically~*~*~ (stealth).
  9525 | Lair:1   | 9525 ||| Stepping ~*~*~tactically~*~*~ (stealth).
  9527 | Lair:1   | 9527 ||| Stepping ~*~*~tactically~*~*~ (stealth).
  9528 | Lair:1   | 9528 ||| Stepping ~*~*~tactically~*~*~ (stealth).
  9530 | Lair:1   | 9530 ||| Stepping ~*~*~tactically~*~*~ (stealth).
  9539 | Lair:1   | 9539 ||| Stepping ~*~*~tactically~*~*~ (stealth).
  9608 | Lair:1   | Noticed an eight-headed hydra
  9609 | Lair:1   | 9609 ||| INVOKING Brothers in Arms.
  9610 | Lair:1   | 9610 ||| INVOKING Brothers in Arms.
  9611 | Lair:1   | 9611 ||| SWAPPING to +1 hand axe of flaming.
  9613 | Lair:1   | 9613 ||| INVOKING Berserk.
  9615 | Lair:1   | Killed a six-headed hydra
  9625 | Lair:1   | 9625 ||| SWAPPING to +3 broad axe of freezing.
  9732 | Lair:1   | Reached skill level 9 in Shields
  9926 | Lair:1   | 9926 ||| INVOKING Berserk.
  9936 | Lair:1   | 9936 ||| INVOKING Heal Wounds.
  9951 | Lair:1   | 9951 ||| Stepping ~*~*~tactically~*~*~ (stealth).
  9952 | Lair:1   | 9952 ||| Stepping ~*~*~tactically~*~*~ (stealth).
  9953 | Lair:1   | 9953 ||| Stepping ~*~*~tactically~*~*~ (stealth).
  9955 | Lair:1   | 9955 ||| Stepping ~*~*~tactically~*~*~ (stealth).
  9957 | Lair:1   | 9957 ||| READING 6 scrolls of teleportation.
  9968 | Lair:1   | 9968 ||| Stepping ~*~*~tactically~*~*~ (stealth).
  9974 | Lair:1   | Received a gift from Trog
  9977 | Lair:1   | 9977 ||| INVOKING Brothers in Arms.
  9979 | Lair:1   | 9979 ||| INVOKING Berserk.
 10015 | Lair:1   | 10015 ||| EATING 21 rations.
 10054 | Lair:1   | 10054 ||| INVOKING Berserk.
 10106 | Lair:1   | 10106 ||| Stepping ~*~*~tactically~*~*~ (stealth).
 10137 | Lair:1   | 10137 ||| INVOKING Heal Wounds.
 10280 | Lair:2   | 10280 ||| INVOKING Berserk.
 10349 | Lair:2   | 10349 ||| INVOKING Berserk.
 10405 | Lair:2   | Got a pair of twisted gloves
 10406 | Lair:2   | 10406 ||| UPGRADING to pair of twisted gloves.
 10411 | Lair:2   | Identified the +0 pair of gloves "Fankaz" {rPois rC+ Int-5}
                  | (You found it on level 2 of the Lair of Beasts)
 10461 | Lair:2   | 10461 ||| INVOKING Berserk.
 10548 | Lair:2   | Found a hole to the Spider Nest.
 10549 | Lair:2   | 10549 ||| Stepping ~*~*~tactically~*~*~ (stealth).
 10598 | Lair:2   | Noticed a death yak
 10599 | Lair:2   | Noticed a death yak
 10600 | Lair:2   | 10600 ||| Stepping ~*~*~tactically~*~*~ (stealth).
 10603 | Lair:2   | 10603 ||| INVOKING Berserk.
 10608 | Lair:2   | Killed a death yak
 10608 | Lair:2   | Reached XP level 12. HP: 110/110 MP: 12/12
 10614 | Lair:2   | Killed a death yak
 10614 | Lair:2   | Reached skill level 6 in Dodging
 10615 | Lair:2   | 10615 ||| EATING 20 rations.
 10617 | Lair:2   | 10617 ||| INVOKING Heal Wounds.
 10717 | Lair:2   | 10717 ||| FLEEEEING.
 10718 | Lair:2   | 10718 ||| FLEEEEING.
 10719 | Lair:2   | 10719 ||| FLEEEEING.
 10720 | Lair:2   | 10720 ||| FLEEEEING.
 10722 | Lair:2   | 10722 ||| FLEEEEING.
 10725 | Lair:2   | 10725 ||| FLEEEEING.
 10727 | Lair:2   | 10727 ||| FLEEEEING.
 10728 | Lair:2   | 10728 ||| FLEEEEING.
 10729 | Lair:2   | 10729 ||| FLEEEEING.
 10730 | Lair:2   | 10730 ||| FLEEEEING.
 10731 | Lair:2   | 10731 ||| FLEEEEING.
 10732 | Lair:2   | 10732 ||| FLEEEEING.
 10733 | Lair:2   | 10733 ||| FLEEEEING.
 10734 | Lair:2   | 10734 ||| FLEEEEING.
 10735 | Lair:2   | 10735 ||| FLEEEEING.
 10736 | Lair:2   | 10736 ||| FLEEEEING.
 10737 | Lair:2   | 10737 ||| FLEEEEING.
 10738 | Lair:2   | 10738 ||| FLEEEEING.
 10739 | Lair:2   | 10739 ||| FLEEEEING.
 10740 | Lair:2   | 10740 ||| FLEEEEING.
 10741 | Lair:2   | 10741 ||| FLEEEEING.
 10742 | Lair:2   | 10742 ||| FLEEEEING.
 10826 | Lair:2   | Reached skill level 9 in Armour
 10845 | Lair:2   | 10845 ||| Stepping ~*~*~tactically~*~*~ (stealth).
 10985 | Lair:2   | 10985 ||| SWAPPING to runed war axe.
 10986 | Lair:2   | 10986 ||| SWAPPING to +3 broad axe of freezing.
 10987 | Lair:2   | 10987 ||| DROPPING +1 war axe of venom.
 11125 | Lair:2   | 11125 ||| READING scroll labeled NOXEOD BAUKKURE.
 11250 | Lair:3   | 11250 ||| UPGRADING to pair of boots.
 11297 | Lair:3   | 11297 ||| Stepping ~*~*~tactically~*~*~ (stealth).
 11298 | Lair:3   | 11298 ||| Stepping ~*~*~tactically~*~*~ (stealth).
 11308 | Lair:3   | 11308 ||| Stepping ~*~*~tactically~*~*~ (stealth).
 11323 | Lair:3   | 11323 ||| Stepping ~*~*~tactically~*~*~ (stealth).
 11336 | Lair:3   | 11336 ||| Stepping ~*~*~tactically~*~*~ (stealth).
 11346 | Lair:3   | 11346 ||| INVOKING Berserk.
 11359 | Lair:3   | 11359 ||| FLEEEEING.
 11360 | Lair:3   | 11360 ||| STAIRDANCE
 11393 | Lair:3   | 11393 ||| STAIRDANCE
 11395 | Lair:2   | 11395 ||| INVOKING Berserk.
 11405 | Lair:2   | 11405 ||| INVOKING Heal Wounds.
 11449 | Lair:3   | 11449 ||| STAIRDANCE
 11451 | Lair:2   | 11451 ||| INVOKING Berserk.
 11515 | Lair:3   | 11515 ||| INVOKING Berserk.
 11528 | Lair:3   | 11528 ||| READING 5 scrolls of teleportation.
 11529 | Lair:3   | 11529 ||| FLEEEEING.
 11530 | Lair:3   | 11530 ||| FLEEEEING.
 11531 | Lair:3   | 11531 ||| STILL FLEEEEING.
 11532 | Lair:3   | 11532 ||| STILL FLEEEEING.
 11533 | Lair:3   | 11533 ||| STILL FLEEEEING.
 11534 | Lair:3   | 11534 ||| STILL FLEEEEING.
 11535 | Lair:3   | 11535 ||| STILL FLEEEEING.
 11536 | Lair:3   | 11536 ||| STILL FLEEEEING.
 11537 | Lair:3   | 11537 ||| STILL FLEEEEING.
 11538 | Lair:3   | 11538 ||| STILL FLEEEEING.
 11539 | Lair:3   | 11539 ||| STILL FLEEEEING.
 11562 | Lair:3   | 11562 ||| FLEEEEING.
 11563 | Lair:3   | 11563 ||| FLEEEEING.
 11564 | Lair:3   | 11564 ||| FLEEEEING.
 11570 | Lair:3   | 11570 ||| INVOKING Heal Wounds.
 11603 | Lair:3   | 11603 ||| INVOKING Berserk.
 11607 | Lair:3   | Reached skill level 15 in Axes
 11672 | Lair:3   | 11672 ||| UPGRADING to glowing cabochon ring.
 11674 | Lair:3   | 11674 ||| REMOVING ring of wizardry.
 11675 | Lair:3   | 11675 ||| UPGRADING to ring of fire.
 11676 | Lair:3   | 11676 ||| UPGRADING to ring of see invisible.
 11678 | Lair:3   | 11678 ||| DROPPING ring of wizardry.
 11721 | Lair:3   | 11721 ||| SWAPPING to glowing war axe.
 11722 | Lair:3   | 11722 ||| READING 2 scrolls of remove curse.
 11723 | Lair:3   | 11723 ||| SWAPPING to +4 broad axe of freezing.
 11724 | Lair:3   | 11724 ||| DROPPING +0 war axe.
 11987 | Lair:3   | Received a gift from Trog
 11993 | Lair:3   | Found a staircase to the Shoals.
 11994 | Lair:3   | 11994 ||| Stepping ~*~*~tactically~*~*~ (water).
 12002 | Lair:3   | 12002 ||| Stepping ~*~*~tactically~*~*~ (water).
 12082 | Lair:3   | 12082 ||| DRINKING 2 silvery potions.
 12249 | Lair:4   | 12249 ||| INVOKING Heal Wounds.
 12251 | Lair:4   | 12251 ||| INVOKING Heal Wounds.
 12267 | Lair:4   | Noticed a six-headed hydra
 12268 | Lair:4   | 12268 ||| INVOKING Brothers in Arms.
 12270 | Lair:4   | 12270 ||| SWAPPING to +1 hand axe of flaming.
 12271 | Lair:4   | 12271 ||| INVOKING Berserk.
 12272 | Lair:4   | Killed a six-headed hydra
 12277 | Lair:4   | 12277 ||| SWAPPING to +4 broad axe of freezing.
 12317 | Lair:4   | 12317 ||| EATING 20 rations.
 12353 | Lair:4   | Found a runed translucent gate.
 12354 | Lair:4   | Found a runed translucent gate.
 12355 | Lair:4   | Found a runed translucent gate.
 12355 | Lair:4   | Noticed Oxit's ghost (journeyman DsFE)
 12357 | Lair:4   | Noticed an eight-headed hydra
 12358 | Lair:4   | Noticed an anaconda
 12359 | Lair:4   | 12359 ||| INVOKING Brothers in Arms.
 12360 | Lair:4   | 12360 ||| INVOKING Brothers in Arms.
 12391 | Lair:4   | 12391 ||| INVOKING Brothers in Arms.
 12392 | Lair:4   | 12392 ||| INVOKING Brothers in Arms.
 12619 | Lair:4   | 12619 ||| READING 2 scrolls of identify.
 12619 | Lair:4   | 12619 ||| IDENTIFYING dark potion
 12693 | Lair:5   | Found a gate leading to a gauntlet.
 12738 | Lair:5   | 12738 ||| Stepping ~*~*~tactically~*~*~ (stealth).
 12919 | Lair:5   | 12919 ||| READING scroll of enchant armour.
 12919 | Lair:5   | 12919 ||| ENCHANTING +0 pair of boots.
 13004 | Lair:5   | Found a staircase to the Slime Pits.
 13010 | Lair:5   | 13010 ||| INVOKING Berserk.
 13018 | Lair:5   | 13018 ||| INVOKING Heal Wounds.
 13161 | Lair:5   | 13161 ||| Stepping ~*~*~tactically~*~*~ (stealth).
 13224 | Lair:5   | Noticed a five-headed hydra
 13225 | Lair:5   | 13225 ||| Stepping ~*~*~tactically~*~*~ (hiding).
 13226 | Lair:5   | 13226 ||| INVOKING Brothers in Arms.
 13227 | Lair:5   | 13227 ||| INVOKING Brothers in Arms.
 13228 | Lair:5   | 13228 ||| INVOKING Brothers in Arms.
 13229 | Lair:5   | 13229 ||| INVOKING Brothers in Arms.
 13230 | Lair:5   | 13230 ||| INVOKING Brothers in Arms.
 13231 | Lair:5   | 13231 ||| INVOKING Brothers in Arms.
 13232 | Lair:5   | 13232 ||| INVOKING Brothers in Arms.
 13233 | Lair:5   | 13233 ||| INVOKING Brothers in Arms.
 13234 | Lair:5   | 13234 ||| INVOKING Brothers in Arms.
 13235 | Lair:5   | 13235 ||| SWAPPING to +1 hand axe of flaming.
 13236 | Lair:5   | 13236 ||| INVOKING Berserk.
 13241 | Lair:5   | Killed a one-headed hydra
 13262 | Lair:5   | 13262 ||| INVOKING Heal Wounds.
 13263 | Lair:5   | 13263 ||| SWAPPING to +4 broad axe of freezing.
 13267 | Lair:5   | Reached XP level 13. HP: 60/117 MP: 13/13
 13276 | Lair:5   | 13276 ||| INVOKING Heal Wounds.
 13277 | Lair:5   | 13277 ||| INVOKING Heal Wounds.
 13405 | Lair:5   | 13405 ||| Stepping ~*~*~tactically~*~*~ (water).
 13416 | Lair:5   | 13416 ||| INVOKING Heal Wounds.
 13417 | Lair:5   | 13417 ||| INVOKING Heal Wounds.
 13501 | Lair:5   | 13501 ||| READING 2 scrolls of identify.
 13501 | Lair:5   | 13501 ||| IDENTIFYING grey potion
 13502 | Lair:5   | 13502 ||| DROPPING potion of degeneration.
 13553 | Lair:6   | Entered Level 6 of the Lair of Beasts
 13666 | Lair:6   | 13666 ||| Stepping ~*~*~tactically~*~*~ (stealth).
 13669 | Lair:6   | 13669 ||| Stepping ~*~*~tactically~*~*~ (stealth).
 13686 | Lair:6   | 13686 ||| INVOKING Heal Wounds.
 13714 | Lair:6   | Found a radiant altar of Vehumet.
 13715 | Lair:6   | 13715 ||| Stepping ~*~*~tactically~*~*~ (stealth).
 13716 | Lair:6   | 13716 ||| Stepping ~*~*~tactically~*~*~ (stealth).
 13733 | Lair:6   | 13733 ||| Stepping ~*~*~tactically~*~*~ (stealth).
 13763 | Lair:6   | 13763 ||| Stepping ~*~*~tactically~*~*~ (stealth).
 13764 | Lair:6   | 13764 ||| Stepping ~*~*~tactically~*~*~ (stealth).
 13848 | Lair:6   | 13848 ||| Stepping ~*~*~tactically~*~*~ (stealth).
 13849 | Lair:6   | 13849 ||| Stepping ~*~*~tactically~*~*~ (stealth).
 13850 | Lair:6   | 13850 ||| Stepping ~*~*~tactically~*~*~ (stealth).
 13851 | Lair:6   | 13851 ||| Stepping ~*~*~tactically~*~*~ (stealth).
 13881 | Lair:6   | 13881 ||| Stepping ~*~*~tactically~*~*~ (stealth).
 13894 | Lair:6   | 13894 ||| Stepping ~*~*~tactically~*~*~ (stealth).
 13897 | Lair:6   | 13897 ||| Stepping ~*~*~tactically~*~*~ (stealth).
 13898 | Lair:6   | 13898 ||| Stepping ~*~*~tactically~*~*~ (stealth).
 13899 | Lair:6   | 13899 ||| Stepping ~*~*~tactically~*~*~ (stealth).
 13930 | Lair:6   | 13930 ||| INVOKING Heal Wounds.
 14012 | Lair:6   | 14012 ||| Stepping ~*~*~tactically~*~*~ (stealth).
 14021 | Lair:6   | Received a gift from Trog
 14041 | Lair:6   | 14041 ||| SWAPPING to glowing broad axe {god gift}.
 14042 | Lair:6   | 14042 ||| SWAPPING to +4 broad axe of freezing.
 14043 | Lair:6   | 14043 ||| DROPPING +2 vorpal broad axe.
 14221 | Lair:6   | 14221 ||| Stepping ~*~*~tactically~*~*~ (stealth).
 14274 | Lair:6   | 14274 ||| Stepping ~*~*~tactically~*~*~ (stealth).
 14275 | Lair:6   | 14275 ||| INVOKING Brothers in Arms.
 14278 | Lair:6   | 14278 ||| INVOKING Berserk.
 14312 | Lair:6   | 14312 ||| READING 5 scrolls of teleportation.
 14398 | Lair:6   | 14398 ||| INVOKING Berserk.
 14459 | Lair:6   | 14459 ||| INVOKING Berserk.
 14463 | Lair:6   | Reached skill level 9 in Fighting
 14468 | Lair:6   | Noticed a dire elephant
 14479 | Lair:6   | 14479 ||| READING 4 scrolls of teleportation.
 14480 | Lair:6   | 14480 ||| INVOKING Heal Wounds.
 14482 | Lair:6   | 14482 ||| INVOKING Heal Wounds.
 14483 | Lair:6   | 14483 ||| INVOKING Heal Wounds.
 14484 | Lair:6   | 14484 ||| INVOKING Heal Wounds.
 14558 | Lair:6   | 14558 ||| INVOKING Berserk.
 14562 | Lair:6   | Killed a dire elephant
 14582 | Lair:6   | 14582 ||| Stepping ~*~*~tactically~*~*~ (stealth).
 14612 | Lair:6   | 14612 ||| Stepping ~*~*~tactically~*~*~ (stealth).
 14617 | Lair:6   | 14617 ||| INVOKING Berserk.
 14672 | Lair:6   | 14672 ||| READING scroll labeled ZEUMOKH KIESO.
 14724 | Lair:6   | 14724 ||| Stepping ~*~*~tactically~*~*~ (stealth).
 14725 | Lair:6   | 14725 ||| Stepping ~*~*~tactically~*~*~ (stealth).
 14860 | D:10     | Entered Level 10 of the Dungeon
 14882 | D:10     | 14882 ||| Stepping ~*~*~tactically~*~*~ (stealth).
 14884 | D:10     | 14884 ||| Stepping ~*~*~tactically~*~*~ (water).
 14886 | D:10     | 14886 ||| Stepping ~*~*~tactically~*~*~ (water).
 14899 | D:10     | 14899 ||| INVOKING Heal Wounds.
 14901 | D:10     | 14901 ||| Stepping ~*~*~tactically~*~*~ (water).
 14902 | D:10     | 14902 ||| INVOKING Heal Wounds.
 14907 | D:10     | 14907 ||| INVOKING Heal Wounds.
 14909 | D:10     | 14909 ||| Stepping ~*~*~tactically~*~*~ (water).
 15021 | D:10     | 15021 ||| Stepping ~*~*~tactically~*~*~ (hiding).
 15100 | D:10     | 15100 ||| READING scroll of enchant armour.
 15100 | D:10     | 15100 ||| ENCHANTING +1 pair of boots.
 15105 | D:10     | Found Dieluucri's Jewellery Emporium.
 15110 | D:10     | Bought an uncursed ring of fire for 300 gold pieces
 15110 | D:10     | 15110 ||| SHOPLISTING +4 ring of slaying (936 gold, have
                  | 414).
 15110 | D:10     | Bought a +3 ring of evasion for 252 gold pieces
 15110 | D:10     | 15110 ||| UPGRADING to +3 ring of evasion.
 15171 | D:10     | 15171 ||| Stepping ~*~*~tactically~*~*~ (stealth).
 15172 | D:10     | 15172 ||| Stepping ~*~*~tactically~*~*~ (stealth).
 15669 | D:10     | 15669 ||| READING scroll labeled HUMAEDDOA.
 15777 | D:11     | 15777 ||| INVOKING Berserk.
 15800 | D:11     | 15800 ||| READING 3 scrolls of teleportation.
 15801 | D:11     | 15801 ||| INVOKING Heal Wounds.
 15803 | D:11     | Received a gift from Trog
 15809 | D:11     | 15809 ||| INVOKING Heal Wounds.
 15810 | D:11     | 15810 ||| INVOKING Heal Wounds.
 15869 | D:11     | 15869 ||| Stepping ~*~*~tactically~*~*~ (stealth).
 15889 | D:11     | 15889 ||| Stepping ~*~*~tactically~*~*~ (stealth).
 15902 | D:11     | 15902 ||| Stepping ~*~*~tactically~*~*~ (stealth).
 15903 | D:11     | 15903 ||| Stepping ~*~*~tactically~*~*~ (stealth).
 15906 | D:11     | 15906 ||| Stepping ~*~*~tactically~*~*~ (stealth).
 15910 | D:11     | 15910 ||| Stepping ~*~*~tactically~*~*~ (hiding).
 15911 | D:11     | 15911 ||| Waiting for ranged monster.
 15956 | D:11     | Found a roughly hewn altar of Beogh.
 15986 | D:11     | 15986 ||| Stepping ~*~*~tactically~*~*~ (stealth).
 15992 | D:11     | 15992 ||| Stepping ~*~*~tactically~*~*~ (stealth).
 16060 | D:11     | 16060 ||| Stepping ~*~*~tactically~*~*~ (stealth).
 16062 | D:11     | 16062 ||| Stepping ~*~*~tactically~*~*~ (stealth).
 16069 | D:11     | 16069 ||| Stepping ~*~*~tactically~*~*~ (stealth).
 16070 | D:11     | 16070 ||| Stepping ~*~*~tactically~*~*~ (stealth).
 16071 | D:11     | 16071 ||| Stepping ~*~*~tactically~*~*~ (stealth).
 16072 | D:11     | 16072 ||| Stepping ~*~*~tactically~*~*~ (stealth).
 16073 | D:11     | 16073 ||| Stepping ~*~*~tactically~*~*~ (stealth).
 16076 | D:11     | 16076 ||| Stepping ~*~*~tactically~*~*~ (stealth).
 16123 | D:11     | 16123 ||| Stepping ~*~*~tactically~*~*~ (hiding).
 16124 | D:11     | 16124 ||| Waiting for ranged monster.
 16125 | D:11     | 16125 ||| Waiting for ranged monster.
 16126 | D:11     | 16126 ||| Waiting for ranged monster.
 16127 | D:11     | 16127 ||| Waiting for ranged monster.
 16136 | D:11     | 16136 ||| Stepping ~*~*~tactically~*~*~ (stealth).
 16140 | D:11     | 16140 ||| Stepping ~*~*~tactically~*~*~ (hiding).
 16141 | D:11     | 16141 ||| Waiting for ranged monster.
 16190 | D:11     | Gained mutation: You resist negative energy. (rN+) [Deep
                  | Dwarf growth]
 16190 | D:11     | Reached XP level 14. HP: 112/129 MP: 14/14
 16287 | D:11     | 16287 ||| Stepping ~*~*~tactically~*~*~ (hiding).
 16288 | D:11     | 16288 ||| Waiting for ranged monster.
 16289 | D:11     | 16289 ||| Waiting for ranged monster.
 16295 | D:11     | 16295 ||| Waiting for ranged monster.
 16296 | D:11     | 16296 ||| Waiting for ranged monster.
 16338 | D:11     | 16338 ||| Stepping ~*~*~tactically~*~*~ (stealth).
 16340 | D:11     | 16340 ||| Stepping ~*~*~tactically~*~*~ (stealth).
 16399 | D:11     | 16399 ||| Stepping ~*~*~tactically~*~*~ (stealth).
 16521 | D:11     | 16521 ||| Stepping ~*~*~tactically~*~*~ (stealth).
 16713 | D:12     | 16713 ||| Stepping ~*~*~tactically~*~*~ (hiding).
 16714 | D:12     | 16714 ||| Stepping ~*~*~tactically~*~*~ (hiding).
 16715 | D:12     | 16715 ||| Waiting for ranged monster.
 16716 | D:12     | 16716 ||| Waiting for ranged monster.
 16731 | D:12     | Reached skill level 18 in Axes
 16756 | D:12     | 16756 ||| Stepping ~*~*~tactically~*~*~ (hiding).
 16758 | D:12     | 16758 ||| Stepping ~*~*~tactically~*~*~ (stealth).
 16759 | D:12     | 16759 ||| Stepping ~*~*~tactically~*~*~ (hiding).
 16761 | D:12     | 16761 ||| Stepping ~*~*~tactically~*~*~ (hiding).
 16766 | D:12     | 16766 ||| Stepping ~*~*~tactically~*~*~ (stealth).
 16776 | D:12     | Received a gift from Trog
 16807 | D:12     | 16807 ||| INVOKING Heal Wounds.
 16808 | D:12     | 16808 ||| INVOKING Heal Wounds.
 16810 | D:12     | 16810 ||| SWAPPING to runed broad axe {god gift}.
 16811 | D:12     | 16811 ||| SWAPPING to +4 broad axe of freezing.
 16812 | D:12     | 16812 ||| DROPPING +1 hand axe of flaming.
 16823 | D:12     | Found a staircase to the Orcish Mines.
 16832 | D:12     | 16832 ||| Stepping ~*~*~tactically~*~*~ (stealth).
 16833 | D:12     | 16833 ||| Stepping ~*~*~tactically~*~*~ (stealth).
 16854 | D:12     | 16854 ||| Stepping ~*~*~tactically~*~*~ (stealth).
 16855 | D:12     | 16855 ||| Stepping ~*~*~tactically~*~*~ (stealth).
 16856 | D:12     | 16856 ||| INVOKING Brothers in Arms.
 16857 | D:12     | 16857 ||| Stepping ~*~*~tactically~*~*~ (stealth).
 16858 | D:12     | 16858 ||| Stepping ~*~*~tactically~*~*~ (stealth).
 16859 | D:12     | 16859 ||| Stepping ~*~*~tactically~*~*~ (stealth).
 16860 | D:12     | 16860 ||| Stepping ~*~*~tactically~*~*~ (stealth).
 16861 | D:12     | 16861 ||| INVOKING Brothers in Arms.
 16862 | D:12     | 16862 ||| SWAPPING to +2 broad axe of flaming.
 16863 | D:12     | 16863 ||| INVOKING Berserk.
 16879 | D:12     | 16879 ||| SWAPPING to +4 broad axe of freezing.
 16916 | D:12     | 16916 ||| FLEEEEING.
 16939 | D:12     | 16939 ||| Stepping ~*~*~tactically~*~*~ (hiding).
 16940 | D:12     | 16940 ||| Stepping ~*~*~tactically~*~*~ (hiding).
 16946 | D:12     | 16946 ||| Waiting for ranged monster.
 16947 | D:12     | 16947 ||| Waiting for ranged monster.
 16948 | D:12     | 16948 ||| Waiting for ranged monster.
 16949 | D:12     | 16949 ||| Waiting for ranged monster.
 17053 | D:12     | 17053 ||| Stepping ~*~*~tactically~*~*~ (hiding).
 17054 | D:12     | 17054 ||| Stepping ~*~*~tactically~*~*~ (hiding).
 17055 | D:12     | 17055 ||| Waiting for ranged monster.
 17060 | D:12     | 17060 ||| Stepping ~*~*~tactically~*~*~ (stealth).
 17062 | D:12     | 17062 ||| Waiting for ranged monster.
 17063 | D:12     | 17063 ||| Waiting for ranged monster.
 17086 | D:12     | 17086 ||| Stepping ~*~*~tactically~*~*~ (stealth).
 17089 | D:12     | 17089 ||| Stepping ~*~*~tactically~*~*~ (stealth).
 17090 | D:12     | 17090 ||| Stepping ~*~*~tactically~*~*~ (stealth).
 17092 | D:12     | 17092 ||| Stepping ~*~*~tactically~*~*~ (stealth).
 17094 | D:12     | 17094 ||| Stepping ~*~*~tactically~*~*~ (stealth).
 17098 | D:12     | 17098 ||| Stepping ~*~*~tactically~*~*~ (stealth).
 17099 | D:12     | 17099 ||| Stepping ~*~*~tactically~*~*~ (stealth).
 17197 | D:12     | 17197 ||| Stepping ~*~*~tactically~*~*~ (hiding).
 17198 | D:12     | 17198 ||| Waiting for ranged monster.
 17199 | D:12     | 17199 ||| Stepping ~*~*~tactically~*~*~ (hiding).
 17200 | D:12     | 17200 ||| Waiting for ranged monster.
 17201 | D:12     | 17201 ||| Waiting for ranged monster.
 17202 | D:12     | 17202 ||| Stepping ~*~*~tactically~*~*~ (hiding).
 17203 | D:12     | 17203 ||| Waiting for ranged monster.
 17207 | D:12     | 17207 ||| Waiting for ranged monster.
 17208 | D:12     | 17208 ||| Waiting for ranged monster.
 17209 | D:12     | 17209 ||| Waiting for ranged monster.
 17210 | D:12     | 17210 ||| Waiting for ranged monster.
 17211 | D:12     | 17211 ||| Waiting for ranged monster.
 17230 | D:12     | 17230 ||| Stepping ~*~*~tactically~*~*~ (stealth).
 17259 | D:12     | 17259 ||| UPGRADING to cloak.
 17264 | D:12     | 17264 ||| READING scroll of enchant armour.
 17264 | D:12     | 17264 ||| ENCHANTING +0 cloak.
 17326 | D:12     | 17326 ||| Stepping ~*~*~tactically~*~*~ (hiding).
 17327 | D:12     | 17327 ||| Stepping ~*~*~tactically~*~*~ (hiding).
 17328 | D:12     | 17328 ||| Stepping ~*~*~tactically~*~*~ (hiding).
 17329 | D:12     | 17329 ||| Stepping ~*~*~tactically~*~*~ (hiding).
 17414 | D:12     | 17414 ||| UPGRADING to runed onyx ring.
 17416 | D:12     | 17416 ||| REMOVING ring of ice.
 17417 | D:12     | 17417 ||| UPGRADING to ring of see invisible.
 17418 | D:12     | 17418 ||| DROPPING ring of ice.
 17424 | D:12     | Found a runed translucent door.
 17425 | D:12     | Noticed Udutwain's ghost (journeyman TrFi)
 17426 | D:12     | 17426 ||| INVOKING Brothers in Arms.
 17582 | D:12     | 17582 ||| Stepping ~*~*~tactically~*~*~ (stealth).
 17595 | D:12     | 17595 ||| Stepping ~*~*~tactically~*~*~ (stealth).
 17674 | D:12     | 17674 ||| Stepping ~*~*~tactically~*~*~ (stealth).
 17704 | D:12     | Received a gift from Trog
 17721 | D:12     | 17721 ||| INVOKING Brothers in Arms.
 17722 | D:12     | 17722 ||| SWAPPING to +2 broad axe of flaming.
 17725 | D:12     | 17725 ||| SWAPPING to +4 broad axe of freezing.
 17726 | D:12     | 17726 ||| EATING 34 rations.
 17777 | D:12     | 17777 ||| Stepping ~*~*~tactically~*~*~ (hiding).
 17778 | D:12     | 17778 ||| Waiting for ranged monster.
 17779 | D:12     | 17779 ||| Waiting for ranged monster.
 17783 | D:12     | 17783 ||| Waiting for ranged monster.
 17784 | D:12     | 17784 ||| Waiting for ranged monster.
 17998 | D:12     | 17998 ||| INVOKING Berserk.
 18002 | D:12     | 18002 ||| FLEEEEING.
 18003 | D:12     | 18003 ||| FLEEEEING.
 18004 | D:12     | 18004 ||| STILL FLEEEEING.
 18005 | D:12     | 18005 ||| STILL FLEEEEING.
 18006 | D:12     | 18006 ||| STILL FLEEEEING.
 18007 | D:12     | 18007 ||| STILL FLEEEEING.
 18008 | D:12     | 18008 ||| STILL FLEEEEING.
 18009 | D:12     | 18009 ||| STILL FLEEEEING.
 18010 | D:12     | 18010 ||| STILL FLEEEEING.
 18011 | D:12     | 18011 ||| STILL FLEEEEING.
 18012 | D:12     | 18012 ||| STILL FLEEEEING.
 18064 | Orc:1    | Entered Level 1 of the Orcish Mines
 18065 | Orc:1    | 18065 ||| Entered O.
 18065 | Orc:1    | 18065 ||| STAIRDANCE
 18070 | Orc:1    | 18070 ||| STAIRDANCE
 18077 | D:12     | 18077 ||| INVOKING Heal Wounds.
 18102 | Orc:1    | 18102 ||| INVOKING Heal Wounds.
 18108 | Orc:1    | Found a roughly hewn altar of Beogh.
 18132 | Orc:1    | 18132 ||| Stepping ~*~*~tactically~*~*~ (stealth).
 18134 | Orc:1    | 18134 ||| Stepping ~*~*~tactically~*~*~ (hiding).
 18135 | Orc:1    | 18135 ||| Stepping ~*~*~tactically~*~*~ (hiding).
 18137 | Orc:1    | 18137 ||| Stepping ~*~*~tactically~*~*~ (hiding).
 18138 | Orc:1    | 18138 ||| Stepping ~*~*~tactically~*~*~ (hiding).
 18139 | Orc:1    | 18139 ||| Stepping ~*~*~tactically~*~*~ (hiding).
 18140 | Orc:1    | 18140 ||| Stepping ~*~*~tactically~*~*~ (hiding).
 18141 | Orc:1    | 18141 ||| Stepping ~*~*~tactically~*~*~ (hiding).
 18144 | Orc:1    | 18144 ||| Stepping ~*~*~tactically~*~*~ (hiding).
 18145 | Orc:1    | 18145 ||| Stepping ~*~*~tactically~*~*~ (hiding).
 18216 | Orc:1    | Noticed Nergalle
 18217 | Orc:1    | 18217 ||| Stepping ~*~*~tactically~*~*~ (hiding).
 18218 | Orc:1    | 18218 ||| Stepping ~*~*~tactically~*~*~ (hiding).
 18219 | Orc:1    | 18219 ||| Stepping ~*~*~tactically~*~*~ (hiding).
 18220 | Orc:1    | 18220 ||| Stepping ~*~*~tactically~*~*~ (hiding).
 18221 | Orc:1    | 18221 ||| Stepping ~*~*~tactically~*~*~ (hiding).
 18222 | Orc:1    | 18222 ||| Waiting for ranged monster.
 18231 | Orc:1    | Killed Nergalle
 18426 | Orc:2    | Entered Level 2 of the Orcish Mines
 18437 | Orc:2    | 18437 ||| Stepping ~*~*~tactically~*~*~ (stealth).
 18438 | Orc:2    | 18438 ||| Stepping ~*~*~tactically~*~*~ (stealth).
 18480 | Orc:2    | Found a staircase to the Elven Halls.
 18492 | Orc:2    | Found a roughly hewn altar of Beogh.
 18499 | Orc:2    | Reached skill level 12 in Shields
 18499 | Orc:2    | Noticed Erolcha
 18509 | Orc:2    | 18509 ||| INVOKING Berserk.
 18512 | Orc:2    | Killed Erolcha
 18519 | Orc:2    | 18519 ||| INVOKING Heal Wounds.
 18617 | Orc:2    | 18617 ||| Stepping ~*~*~tactically~*~*~ (stealth).
 18618 | Orc:2    | 18618 ||| Stepping ~*~*~tactically~*~*~ (stealth).
 18619 | Orc:2    | 18619 ||| Stepping ~*~*~tactically~*~*~ (stealth).
 18622 | Orc:2    | 18622 ||| Stepping ~*~*~tactically~*~*~ (stealth).
 18666 | Orc:2    | Received a gift from Trog
 18671 | Orc:2    | 18671 ||| SWAPPING to runed war axe {god gift}.
 18672 | Orc:2    | 18672 ||| SWAPPING to +4 broad axe of freezing.
 18673 | Orc:2    | 18673 ||| DROPPING +1 vorpal war axe.
 18722 | Orc:2    | 18722 ||| Stepping ~*~*~tactically~*~*~ (stealth).
 18764 | Orc:2    | 18764 ||| Stepping ~*~*~tactically~*~*~ (stealth).
 18766 | Orc:2    | 18766 ||| Stepping ~*~*~tactically~*~*~ (hiding).
 18767 | Orc:2    | 18767 ||| Waiting for ranged monster.
 18770 | Orc:2    | 18770 ||| Waiting for ranged monster.
 18772 | Orc:2    | 18772 ||| Stepping ~*~*~tactically~*~*~ (hiding).
 18782 | Orc:2    | Noticed an orc warlord
 18783 | Orc:2    | 18783 ||| INVOKING Brothers in Arms.
 18787 | Orc:2    | 18787 ||| INVOKING Berserk.
 18795 | Orc:2    | Killed an orc warlord
 18813 | Orc:2    | 18813 ||| INVOKING Heal Wounds.
 18958 | Orc:2    | Found a roughly hewn altar of Beogh.
 18971 | Orc:2    | 18971 ||| INVOKING Heal Wounds.
 18983 | Orc:2    | Found a roughly hewn altar of Beogh.
 18983 | Orc:2    | Noticed Maurice
 18984 | Orc:2    | 18984 ||| Stepping ~*~*~tactically~*~*~ (hiding).
 18985 | Orc:2    | 18985 ||| Stepping ~*~*~tactically~*~*~ (hiding).
 18986 | Orc:2    | 18986 ||| Waiting for ranged monster.
 18998 | Orc:2    | Found Mupocw's Food Boutique.
 18999 | Orc:2    | 18999 ||| INVOKING Berserk.
 19011 | Orc:2    | Killed Maurice
 19011 | Orc:2    | Received a gift from Trog
 19163 | Orc:2    | Found a roughly hewn altar of Beogh.
 19194 | Orc:2    | Found Keuvelim's Antique Weapon Emporium.
 19195 | Orc:2    | Found a roughly hewn altar of Beogh.
 19196 | Orc:2    | Found Seho's Antique Armour Shoppe.
 19209 | Orc:2    | Bought a shiny plate armour for 598 gold pieces
 19209 | Orc:2    | 19209 ||| UPGRADING to shiny plate armour.
 19219 | Orc:2    | 19219 ||| READING 4 scrolls of remove curse.
 19220 | Orc:2    | 19220 ||| UPGRADING to +2 plate armour of Monotheism {rCorr
                  | Dex+4 Slay+2}.
 19230 | Orc:2    | 19230 ||| DROPPING +0 plate armour.
 19410 | Orc:2    | 19410 ||| Stepping ~*~*~tactically~*~*~ (hiding).
 19438 | Orc:2    | Found a roughly hewn altar of Beogh.
 19438 | Orc:2    | Found Moowus's Antique Weapon Boutique.
 19450 | Orc:2    | Bought a glowing war axe for 201 gold pieces
 19450 | Orc:2    | 19450 ||| SWAPPING to glowing war axe.
 19451 | Orc:2    | 19451 ||| SWAPPING to +4 broad axe of freezing.
 19452 | Orc:2    | 19452 ||| DROPPING +2 vorpal war axe.
 19495 | Orc:2    | Found a roughly hewn altar of Beogh.
 19504 | Orc:2    | 19504 ||| DROPPING wand of random effects (7).
 19600 | D:13     | 19600 ||| Stepping ~*~*~tactically~*~*~ (stealth).
 19617 | D:13     | 19617 ||| Stepping ~*~*~tactically~*~*~ (stealth).
 19700 | D:13     | 19700 ||| Stepping ~*~*~tactically~*~*~ (stealth).
 19702 | D:13     | 19702 ||| Stepping ~*~*~tactically~*~*~ (stealth).
 19711 | D:13     | 19711 ||| Stepping ~*~*~tactically~*~*~ (stealth).
 19712 | D:13     | 19712 ||| Stepping ~*~*~tactically~*~*~ (stealth).
 19714 | D:13     | 19714 ||| Stepping ~*~*~tactically~*~*~ (hiding).
 19715 | D:13     | 19715 ||| Waiting for ranged monster.
 19716 | D:13     | 19716 ||| Waiting for ranged monster.
 19717 | D:13     | 19717 ||| Waiting for ranged monster.
 19718 | D:13     | 19718 ||| Waiting for ranged monster.
 19721 | D:13     | 19721 ||| Waiting for ranged monster.
 19722 | D:13     | 19722 ||| Waiting for ranged monster.
 19723 | D:13     | 19723 ||| Waiting for ranged monster.
 19773 | D:13     | 19773 ||| Stepping ~*~*~tactically~*~*~ (stealth).
 19783 | D:13     | 19783 ||| Stepping ~*~*~tactically~*~*~ (hiding).
 19787 | D:13     | 19787 ||| Waiting for ranged monster.
 19867 | D:13     | Found a portal to a secret trove of treasure.
 19918 | D:13     | 19918 ||| Stepping ~*~*~tactically~*~*~ (hiding).
 19919 | D:13     | 19919 ||| Waiting for ranged monster.
 19925 | D:13     | Reached skill level 12 in Armour
 20004 | D:13     | 20004 ||| INVOKING Heal Wounds.
 20031 | D:13     | 20031 ||| READING scroll of enchant weapon.
 20031 | D:13     | 20031 ||| ENCHANTING +4 broad axe of freezing.
 20197 | D:13     | 20197 ||| INVOKING Brothers in Arms.
 20198 | D:13     | 20198 ||| SWAPPING to +2 broad axe of flaming.
 20199 | D:13     | 20199 ||| INVOKING Berserk.
 20205 | D:13     | 20205 ||| EATING 35 rations.
 20208 | D:13     | 20208 ||| SWAPPING to +5 broad axe of freezing.
 20322 | D:13     | 20322 ||| Stepping ~*~*~tactically~*~*~ (stealth).
 20323 | D:13     | 20323 ||| Stepping ~*~*~tactically~*~*~ (stealth).
 20324 | D:13     | 20324 ||| Stepping ~*~*~tactically~*~*~ (stealth).
 20349 | D:13     | 20349 ||| READING scroll labeled ZOUHUS FOTERCH.
 20382 | D:14     | 20382 ||| UPGRADING to cabochon ring.
 20384 | D:14     | 20384 ||| UPGRADING to ring of see invisible.
 20386 | D:14     | 20386 ||| READING 3 scrolls of remove curse.
 20387 | D:14     | 20387 ||| REMOVING ring of attention.
 20388 | D:14     | 20388 ||| DROPPING ring of attention.
 20389 | D:14     | 20389 ||| UPGRADING to ring of protection from cold.
 20390 | D:14     | 20390 ||| UPGRADING to +3 ring of evasion.
 20447 | D:14     | Received a gift from Trog
 20466 | D:14     | 20466 ||| INVOKING Heal Wounds.
 20475 | D:14     | 20475 ||| Stepping ~*~*~tactically~*~*~ (stealth).
 20509 | D:14     | Found a shadowy altar of Dithmenos.
 20522 | D:14     | 20522 ||| Stepping ~*~*~tactically~*~*~ (hiding).
 20523 | D:14     | 20523 ||| Waiting for ranged monster.
 20524 | D:14     | 20524 ||| Waiting for ranged monster.
 20525 | D:14     | 20525 ||| Waiting for ranged monster.
 20530 | D:14     | Reached skill level 9 in Dodging
 20533 | D:14     | 20533 ||| Stepping ~*~*~tactically~*~*~ (stealth).
 20541 | D:14     | 20541 ||| Stepping ~*~*~tactically~*~*~ (hiding).
 20542 | D:14     | 20542 ||| Stepping ~*~*~tactically~*~*~ (hiding).
 20543 | D:14     | 20543 ||| Waiting for ranged monster.
 20544 | D:14     | 20544 ||| Waiting for ranged monster.
 20546 | D:14     | 20546 ||| INVOKING Berserk.
 20557 | D:14     | Reached XP level 15. HP: 138/138 MP: 11/11
 20621 | D:14     | 20621 ||| Stepping ~*~*~tactically~*~*~ (stealth).
 20622 | D:14     | 20622 ||| Stepping ~*~*~tactically~*~*~ (stealth).
 20624 | D:14     | 20624 ||| Stepping ~*~*~tactically~*~*~ (hiding).
 20625 | D:14     | 20625 ||| Stepping ~*~*~tactically~*~*~ (hiding).
 20626 | D:14     | 20626 ||| Stepping ~*~*~tactically~*~*~ (hiding).
 20627 | D:14     | 20627 ||| Waiting for ranged monster.
 20628 | D:14     | 20628 ||| Waiting for ranged monster.
 20629 | D:14     | 20629 ||| Waiting for ranged monster.
 20630 | D:14     | 20630 ||| Waiting for ranged monster.
 20631 | D:14     | 20631 ||| Waiting for ranged monster.
 20632 | D:14     | 20632 ||| Waiting for ranged monster.
 20633 | D:14     | 20633 ||| Waiting for ranged monster.
 20634 | D:14     | 20634 ||| Waiting for ranged monster.
 20635 | D:14     | 20635 ||| Waiting for ranged monster.
 20720 | D:14     | 20720 ||| Stepping ~*~*~tactically~*~*~ (hiding).
 20891 | D:14     | Found a gate to the Vaults.
 20955 | D:15     | Entered Level 15 of the Dungeon
 20971 | D:15     | 20971 ||| Stepping ~*~*~tactically~*~*~ (hiding).
 20972 | D:15     | 20972 ||| Stepping ~*~*~tactically~*~*~ (hiding).
 20973 | D:15     | 20973 ||| Stepping ~*~*~tactically~*~*~ (hiding).
 21099 | D:15     | 21099 ||| Stepping ~*~*~tactically~*~*~ (stealth).
 21100 | D:15     | 21100 ||| Stepping ~*~*~tactically~*~*~ (stealth).
 21131 | D:15     | 21131 ||| Stepping ~*~*~tactically~*~*~ (hiding).
 21134 | D:15     | 21134 ||| INVOKING Berserk.
 21199 | D:15     | 21199 ||| UPGRADING to garnet ring.
 21201 | D:15     | 21201 ||| DROPPING ring of protection from cold.
 21213 | D:15     | Noticed a frost giant
 21225 | D:15     | Killed a frost giant
 21226 | D:15     | 21226 ||| DRINKING 10 potions of heal wounds.
 21240 | D:15     | 21240 ||| INVOKING Brothers in Arms.
 21244 | D:15     | 21244 ||| INVOKING Berserk.
 21252 | D:15     | Received a gift from Trog
 21348 | D:15     | 21348 ||| INVOKING Berserk.
 21360 | D:15     | Noticed Nessos
 21365 | D:15     | Noticed Kirke
 21367 | D:15     | 21367 ||| Stepping ~*~*~tactically~*~*~ (hiding).
 21368 | D:15     | 21368 ||| Stepping ~*~*~tactically~*~*~ (hiding).
 21369 | D:15     | 21369 ||| Stepping ~*~*~tactically~*~*~ (hiding).
 21370 | D:15     | 21370 ||| INVOKING Trog's Hand.
 21371 | D:15     | 21371 ||| INVOKING Brothers in Arms.
 21378 | D:15     | Killed Kirke
 21383 | D:15     | Killed Nessos
 21452 | D:15     | Found a shadowy altar of Dithmenos.
 21478 | D:15     | Paralysed by a floating eye for 4 turns
 21500 | D:15     | Noticed an orc warlord
 21502 | D:15     | 21502 ||| INVOKING Berserk.
 21506 | D:15     | Killed an orc warlord
 21551 | D:15     | Got a heavily runed plate armour
 21552 | D:15     | 21552 ||| UPGRADING to heavily runed plate armour.
 21562 | D:15     | Identified the +10 plate armour of Jigsaw {+Fly Str+2} (You
                  | found it on level 15 of the Dungeon)
 21562 | D:15     | 21562 ||| DROPPING +2 plate armour of Monotheism {rCorr
                  | Dex+4 Slay+2}.
 21622 | D:15     | 21622 ||| UPGRADING to ring of slaying {mikee}.
 21624 | D:15     | 21624 ||| DROPPING +3 ring of evasion.
 21672 | D:15     | Identified the ring of Puyfa {+Blink rF- MR+ Int+2 Stlth+}
 21699 | D:15     | Found a staircase to the Depths.
 21755 | D:15     | Received a gift from Trog
 21767 | D:15     | 21767 ||| SWAPPING to glowing broad axe {god gift}.
 21768 | D:15     | 21768 ||| SWAPPING to +5 broad axe of freezing.
 21769 | D:15     | 21769 ||| DROPPING +6 broad axe.
 21798 | D:15     | 21798 ||| DRINKING 10 potions of heal wounds.
 21806 | D:15     | Got a smoking marble ring
 21807 | D:15     | 21807 ||| UPGRADING to smoking marble ring.
 21808 | D:15     | Identified the ring "Taops" {AC+2 Int+4} (You found it on
                  | level 15 of the Dungeon)
 21818 | D:15     | Found a glowing silver altar of Zin.
 21843 | D:15     | 21843 ||| Stepping ~*~*~tactically~*~*~ (hiding).
 21844 | D:15     | Paralysed by a wizard for 2 turns
 21870 | D:15     | 21870 ||| INVOKING Berserk.
 21934 | D:15     | 21934 ||| UPGRADING to notched wooden ring.
 21936 | D:15     | 21936 ||| REMOVING ring of flight.
 21937 | D:15     | 21937 ||| UPGRADING to +3 ring of slaying {mikee}.
 21938 | D:15     | 21938 ||| DROPPING ring of flight.
 21939 | D:15     | 21939 ||| UPGRADING to ring "Taops" {AC+2 Int+4}.
 21953 | D:15     | 21953 ||| Stepping ~*~*~tactically~*~*~ (stealth).
 21954 | D:15     | 21954 ||| INVOKING Brothers in Arms.
 21955 | D:15     | 21955 ||| SWAPPING to +2 broad axe of flaming.
 21965 | D:15     | 21965 ||| SWAPPING to +5 broad axe of freezing.
 22000 | D:15     | Got a bound amber ring
 22001 | D:15     | 22001 ||| UPGRADING to bound amber ring.
 22002 | D:15     | Identified the ring "Gittat" {rF+ rC+ Int+4 Stlth+} (You
                  | found it on level 15 of the Dungeon)
 22003 | D:15     | 22003 ||| DROPPING ring of fire.
 22004 | D:15     | 22004 ||| DROPPING ring "Taops" {AC+2 Int+4}.
 22015 | D:15     | Noticed a fire giant
 22016 | D:15     | Found a shattered altar of Ashenzari.
 22019 | D:15     | Killed a fire giant
 22019 | D:15     | Reached XP level 16. HP: 103/150 MP: 12/12
 22020 | D:15     | 22020 ||| DRINKING 9 potions of heal wounds.
 22028 | D:15     | 22028 ||| READING 7 scrolls of identify.
 22028 | D:15     | 22028 ||| IDENTIFYING fizzy sapphire potion
 22315 | Spider:1 | Entered Level 1 of the Spider Nest
 22316 | Spider:1 | 22316 ||| Entered N.
 22316 | Spider:1 | 22316 ||| Stepping ~*~*~tactically~*~*~ (hiding).
 22317 | Spider:1 | 22317 ||| Stepping ~*~*~tactically~*~*~ (stealth).
 22318 | Spider:1 | 22318 ||| Stepping ~*~*~tactically~*~*~ (stealth).
 22320 | Spider:1 | 22320 ||| DRINKING 12 potions of curing.
 22320 | Spider:1 | 22320 ||| (to cure confusion)
 22322 | Spider:1 | 22322 ||| INVOKING Brothers in Arms.
 22371 | Spider:1 | 22371 ||| INVOKING Brothers in Arms.
 22372 | Spider:1 | 22372 ||| DRINKING 8 potions of heal wounds.
 22373 | Spider:1 | 22373 ||| DRINKING 11 potions of curing.
 22373 | Spider:1 | 22373 ||| (to cure confusion)
 22374 | Spider:1 | 22374 ||| DRINKING 10 potions of curing.
 22374 | Spider:1 | 22374 ||| (to cure confusion)
 22375 | Spider:1 | 22375 ||| DRINKING 7 potions of heal wounds.
 22376 | Spider:1 | 22376 ||| DRINKING 6 potions of heal wounds.
 22377 | Spider:1 | 22377 ||| INVOKING Brothers in Arms.
 22378 | Spider:1 | 22378 ||| DRINKING 9 potions of curing.
 22378 | Spider:1 | 22378 ||| (to cure confusion)
 22379 | Spider:1 | 22379 ||| READING 3 scrolls of teleportation.
 22379 | Spider:1 | HP: 37/150 [wolf spider (2)]
 22380 | Spider:1 | 22380 ||| DRINKING 5 potions of heal wounds.
 22381 | Spider:1 | 22381 ||| DRINKING 4 potions of heal wounds.
 22382 | Spider:1 | 22382 ||| DRINKING 3 potions of heal wounds.
 22383 | Spider:1 | 22383 ||| Stepping ~*~*~tactically~*~*~ (hiding).
 22384 | Spider:1 | 22384 ||| DRINKING 2 potions of heal wounds.
 22385 | Spider:1 | 22385 ||| DRINKING potion of heal wounds.
 22386 | Spider:1 | 22386 ||| INVOKING Heal Wounds.
 22387 | Spider:1 | 22387 ||| Waiting for ranged monster.
 22388 | Spider:1 | 22388 ||| INVOKING Brothers in Arms.
 22406 | Spider:1 | 22406 ||| DRINKING 3 potions of cancellation.
 22415 | Spider:1 | 22415 ||| DRINKING 2 potions of cancellation.
 22418 | Spider:1 | 22418 ||| INVOKING Brothers in Arms.
 22419 | Spider:1 | 22419 ||| INVOKING Brothers in Arms.
 22420 | Spider:1 | 22420 ||| INVOKING Brothers in Arms.
 22507 | Spider:1 | 22507 ||| UPGRADING to knobbly granite ring.
 22509 | Spider:1 | 22509 ||| UPGRADING to +3 ring of slaying {mikee}.
 22511 | Spider:1 | 22511 ||| UPGRADING to ring "Gittat" {rF+ rC+ Int+4
                  | Stlth+}.
 22513 | Spider:1 | 22513 ||| DROPPING ring of resist corrosion.
 22598 | Spider:1 | 22598 ||| Stepping ~*~*~tactically~*~*~ (stealth).
 22600 | Spider:1 | 22600 ||| Stepping ~*~*~tactically~*~*~ (stealth).
 22613 | Spider:1 | Reached skill level 15 in Shields
 22618 | Spider:1 | 22618 ||| Stepping ~*~*~tactically~*~*~ (stealth).
 22747 | Spider:1 | 22747 ||| Stepping ~*~*~tactically~*~*~ (hiding).
 22748 | Spider:1 | 22748 ||| Waiting for ranged monster.
 22749 | Spider:1 | 22749 ||| INVOKING Brothers in Arms.
 22750 | Spider:1 | 22750 ||| INVOKING Brothers in Arms.
 23152 | Spider:1 | 23152 ||| EATING 38 rations.
 23523 | Spider:2 | 23523 ||| STAIRDANCE
 23531 | Spider:1 | 23531 ||| INVOKING Heal Wounds.
 23536 | Spider:2 | 23536 ||| STAIRDANCE
 23546 | Spider:2 | 23546 ||| STAIRDANCE
 23552 | Spider:1 | 23552 ||| DRINKING 8 potions of curing.
 23552 | Spider:1 | 23552 ||| (to cure poison)
 23568 | Spider:2 | 23568 ||| INVOKING Brothers in Arms.
 23598 | Spider:2 | 23598 ||| INVOKING Brothers in Arms.
 23614 | Spider:2 | 23614 ||| INVOKING Brothers in Arms.
 23623 | Spider:2 | 23623 ||| INVOKING Brothers in Arms.
 23639 | Spider:2 | 23639 ||| INVOKING Heal Wounds.
 23861 | Spider:2 | 23861 ||| Stepping ~*~*~tactically~*~*~ (stealth).
 23862 | Spider:2 | 23862 ||| Stepping ~*~*~tactically~*~*~ (stealth).
 23870 | Spider:2 | Reached skill level 12 in Fighting
 23986 | Spider:2 | 23986 ||| Stepping ~*~*~tactically~*~*~ (hiding).
 23987 | Spider:2 | 23987 ||| Stepping ~*~*~tactically~*~*~ (hiding).
 23988 | Spider:2 | 23988 ||| Waiting for ranged monster.
 23989 | Spider:2 | 23989 ||| Waiting for ranged monster.
 23990 | Spider:2 | 23990 ||| Waiting for ranged monster.
 23991 | Spider:2 | 23991 ||| INVOKING Brothers in Arms.
 24023 | Spider:2 | 24023 ||| INVOKING Brothers in Arms.
 24031 | Spider:2 | 24031 ||| DRINKING potion of heal wounds.
 24075 | Spider:2 | 24075 ||| READING scroll of enchant armour.
 24075 | Spider:2 | 24075 ||| ENCHANTING +1 cloak.
 24095 | Spider:2 | 24095 ||| INVOKING Brothers in Arms.
 24096 | Spider:2 | 24096 ||| INVOKING Brothers in Arms.
 24097 | Spider:2 | 24097 ||| DRINKING 7 potions of curing.
 24097 | Spider:2 | 24097 ||| (to cure confusion)
 24098 | Spider:2 | 24098 ||| INVOKING Brothers in Arms.
 24099 | Spider:2 | 24099 ||| INVOKING Brothers in Arms.
 24100 | Spider:2 | 24100 ||| INVOKING Brothers in Arms.
 24101 | Spider:2 | 24101 ||| INVOKING Brothers in Arms.
 24102 | Spider:2 | 24102 ||| INVOKING Brothers in Arms.
 24103 | Spider:2 | 24103 ||| INVOKING Brothers in Arms.
 24104 | Spider:2 | 24104 ||| INVOKING Brothers in Arms.
 24105 | Spider:2 | 24105 ||| INVOKING Brothers in Arms.
 24106 | Spider:2 | 24106 ||| INVOKING Brothers in Arms.
 24404 | Spider:3 | 24404 ||| STAIRDANCE
 24413 | Spider:3 | 24413 ||| INVOKING Heal Wounds.
 24421 | Spider:3 | 24421 ||| Stepping ~*~*~tactically~*~*~ (stealth).
 24431 | Spider:3 | 24431 ||| INVOKING Berserk.
 24500 | Spider:3 | 24500 ||| Stepping ~*~*~tactically~*~*~ (stealth).
 24569 | Spider:3 | 24569 ||| Stepping ~*~*~tactically~*~*~ (hiding).
 24570 | Spider:3 | 24570 ||| Waiting for ranged monster.
 24571 | Spider:3 | 24571 ||| Waiting for ranged monster.
 24572 | Spider:3 | 24572 ||| Waiting for ranged monster.
 24573 | Spider:3 | 24573 ||| Waiting for ranged monster.
 24574 | Spider:3 | 24574 ||| INVOKING Brothers in Arms.
 24575 | Spider:3 | 24575 ||| INVOKING Brothers in Arms.
 24578 | Spider:3 | 24578 ||| Waiting for ranged monster.
 24614 | Spider:3 | 24614 ||| Stepping ~*~*~tactically~*~*~ (stealth).
 24615 | Spider:3 | 24615 ||| Stepping ~*~*~tactically~*~*~ (stealth).
 24616 | Spider:3 | 24616 ||| Stepping ~*~*~tactically~*~*~ (stealth).
 24637 | Spider:3 | 24637 ||| Stepping ~*~*~tactically~*~*~ (stealth).
 24639 | Spider:3 | 24639 ||| Stepping ~*~*~tactically~*~*~ (stealth).
 24640 | Spider:3 | 24640 ||| Stepping ~*~*~tactically~*~*~ (stealth).
 24641 | Spider:3 | 24641 ||| Stepping ~*~*~tactically~*~*~ (stealth).
 24671 | Spider:3 | 24671 ||| Stepping ~*~*~tactically~*~*~ (hiding).
 24672 | Spider:3 | 24672 ||| Waiting for ranged monster.
 24673 | Spider:3 | 24673 ||| Waiting for ranged monster.
 24674 | Spider:3 | 24674 ||| INVOKING Brothers in Arms.
 24675 | Spider:3 | 24675 ||| INVOKING Brothers in Arms.
 24676 | Spider:3 | 24676 ||| INVOKING Brothers in Arms.
 24689 | Spider:3 | 24689 ||| INVOKING Brothers in Arms.
 24690 | Spider:3 | 24690 ||| INVOKING Brothers in Arms.
 24691 | Spider:3 | 24691 ||| INVOKING Brothers in Arms.
 24773 | Spider:3 | 24773 ||| READING 2 scrolls of teleportation.
 24783 | Spider:3 | Reached skill level 15 in Armour
 24956 | Spider:3 | 24956 ||| FLEEEEING.
 24957 | Spider:3 | 24957 ||| FLEEEEING.
 24958 | Spider:3 | 24958 ||| FLEEEEING.
 24959 | Spider:3 | 24959 ||| FLEEEEING.
 24960 | Spider:3 | 24960 ||| FLEEEEING.
 24961 | Spider:3 | 24961 ||| FLEEEEING.
 24962 | Spider:3 | 24962 ||| FLEEEEING.
 24963 | Spider:3 | 24963 ||| FLEEEEING.
 24965 | Spider:3 | 24965 ||| FLEEEEING.
 24966 | Spider:3 | 24966 ||| FLEEEEING.
 24967 | Spider:3 | 24967 ||| FLEEEEING.
 24968 | Spider:3 | 24968 ||| FLEEEEING.
 24969 | Spider:3 | 24969 ||| FLEEEEING.
 24970 | Spider:3 | 24970 ||| FLEEEEING.
 24971 | Spider:3 | 24971 ||| FLEEEEING.
 24972 | Spider:3 | 24972 ||| FLEEEEING.
 24973 | Spider:3 | 24973 ||| FLEEEEING.
 24974 | Spider:3 | 24974 ||| FLEEEEING.
 24976 | Spider:3 | 24976 ||| FLEEEEING.
 24977 | Spider:3 | 24977 ||| FLEEEEING.
 24978 | Spider:3 | 24978 ||| FLEEEEING.
 24979 | Spider:3 | 24979 ||| FLEEEEING.
 24980 | Spider:3 | 24980 ||| FLEEEEING.
 24981 | Spider:3 | 24981 ||| FLEEEEING.
 24982 | Spider:3 | 24982 ||| FLEEEEING.
 24983 | Spider:3 | 24983 ||| FLEEEEING.
 24984 | Spider:3 | 24984 ||| FLEEEEING.
 24985 | Spider:3 | 24985 ||| FLEEEEING.
 24986 | Spider:3 | 24986 ||| FLEEEEING.
 24987 | Spider:3 | 24987 ||| FLEEEEING.
 24988 | Spider:3 | 24988 ||| FLEEEEING.
 24989 | Spider:3 | 24989 ||| FLEEEEING.
 24990 | Spider:3 | 24990 ||| FLEEEEING.
 24991 | Spider:3 | 24991 ||| FLEEEEING.
 24992 | Spider:3 | 24992 ||| FLEEEEING.
 24993 | Spider:3 | 24993 ||| FLEEEEING.
 24994 | Spider:3 | 24994 ||| FLEEEEING.
 24995 | Spider:3 | 24995 ||| FLEEEEING.
 24996 | Spider:3 | 24996 ||| FLEEEEING.
 24997 | Spider:3 | 24997 ||| FLEEEEING.
 25010 | Spider:3 | 25010 ||| INVOKING Berserk.
 25054 | Spider:3 | 25054 ||| EATING 41 rations.
 25079 | Spider:3 | 25079 ||| Stepping ~*~*~tactically~*~*~ (stealth).
 25080 | Spider:3 | 25080 ||| Stepping ~*~*~tactically~*~*~ (stealth).
 25082 | Spider:3 | 25082 ||| INVOKING Brothers in Arms.
 25201 | Spider:3 | 25201 ||| Stepping ~*~*~tactically~*~*~ (stealth).
 25202 | Spider:3 | 25202 ||| Stepping ~*~*~tactically~*~*~ (stealth).
 25203 | Spider:3 | 25203 ||| Stepping ~*~*~tactically~*~*~ (stealth).
 25362 | Spider:4 | Entered Level 4 of the Spider Nest
 25363 | Spider:4 | 25363 ||| INVOKING Brothers in Arms.
 25364 | Spider:4 | 25364 ||| STAIRDANCE
 25405 | Spider:4 | 25405 ||| STAIRDANCE
 25414 | Spider:4 | 25414 ||| STAIRDANCE
 25424 | Spider:3 | 25424 ||| INVOKING Heal Wounds.
 25429 | Spider:4 | 25429 ||| STAIRDANCE
 25440 | Spider:4 | 25440 ||| STAIRDANCE
 25444 | Spider:4 | 25444 ||| STAIRDANCE
 25451 | Spider:4 | 25451 ||| STAIRDANCE
 25453 | Spider:3 | 25453 ||| DRINKING 4 potions of resistance.
 25466 | Spider:4 | 25466 ||| INVOKING Brothers in Arms.
 25467 | Spider:4 | 25467 ||| INVOKING Brothers in Arms.
 25489 | Spider:4 | 25489 ||| INVOKING Brothers in Arms.
 25490 | Spider:4 | 25490 ||| INVOKING Brothers in Arms.
 25491 | Spider:4 | 25491 ||| INVOKING Brothers in Arms.
 25492 | Spider:4 | 25492 ||| INVOKING Brothers in Arms.
 25545 | Spider:4 | 25545 ||| INVOKING Berserk.
 25584 | Spider:4 | 25584 ||| Stepping ~*~*~tactically~*~*~ (stealth).
 25585 | Spider:4 | 25585 ||| Stepping ~*~*~tactically~*~*~ (stealth).
 25637 | Spider:4 | 25637 ||| INVOKING Heal Wounds.
 25669 | Spider:4 | 25669 ||| Stepping ~*~*~tactically~*~*~ (stealth).
 25670 | Spider:4 | 25670 ||| Stepping ~*~*~tactically~*~*~ (stealth).
 25672 | Spider:4 | 25672 ||| Stepping ~*~*~tactically~*~*~ (stealth).
 25673 | Spider:4 | 25673 ||| Stepping ~*~*~tactically~*~*~ (stealth).
 25684 | Spider:4 | 25684 ||| Stepping ~*~*~tactically~*~*~ (stealth).
 25696 | Spider:4 | 25696 ||| Stepping ~*~*~tactically~*~*~ (stealth).
 25697 | Spider:4 | 25697 ||| Stepping ~*~*~tactically~*~*~ (stealth).
 25711 | Spider:4 | 25711 ||| Stepping ~*~*~tactically~*~*~ (stealth).
 25712 | Spider:4 | 25712 ||| Stepping ~*~*~tactically~*~*~ (stealth).
 25729 | Spider:4 | 25729 ||| Stepping ~*~*~tactically~*~*~ (stealth).
 25730 | Spider:4 | 25730 ||| Stepping ~*~*~tactically~*~*~ (stealth).
 25769 | Spider:4 | 25769 ||| INVOKING Heal Wounds.
 25978 | Spider:4 | 25978 ||| Stepping ~*~*~tactically~*~*~ (stealth).
 25979 | Spider:4 | 25979 ||| Stepping ~*~*~tactically~*~*~ (stealth).
 25980 | Spider:4 | 25980 ||| Stepping ~*~*~tactically~*~*~ (stealth).
 26045 | Spider:4 | Received a gift from Trog
 26046 | Spider:4 | 26046 ||| INVOKING Brothers in Arms.
 26047 | Spider:4 | 26047 ||| INVOKING Brothers in Arms.
 26048 | Spider:4 | 26048 ||| INVOKING Brothers in Arms.
 26050 | Spider:4 | Reached XP level 17. HP: 152/159 MP: 11/11
 26240 | Spider:4 | 26240 ||| INVOKING Brothers in Arms.
 26241 | Spider:4 | 26241 ||| Stepping ~*~*~tactically~*~*~ (water).
 26247 | Spider:4 | 26247 ||| INVOKING Berserk.
 26257 | Spider:4 | 26257 ||| INVOKING Brothers in Arms.
 26301 | Spider:4 | 26301 ||| Stepping ~*~*~tactically~*~*~ (stealth).
 26325 | Spider:4 | 26325 ||| INVOKING Brothers in Arms.
 26334 | Spider:4 | 26334 ||| Stepping ~*~*~tactically~*~*~ (water).
 26361 | Spider:4 | 26361 ||| Stepping ~*~*~tactically~*~*~ (stealth).
 26362 | Spider:4 | 26362 ||| Stepping ~*~*~tactically~*~*~ (stealth).
 26363 | Spider:4 | 26363 ||| INVOKING Brothers in Arms.
 26364 | Spider:4 | 26364 ||| INVOKING Brothers in Arms.
 26365 | Spider:4 | 26365 ||| INVOKING Brothers in Arms.
 26397 | Spider:4 | 26397 ||| INVOKING Berserk.
 26432 | Spider:4 | 26432 ||| INVOKING Brothers in Arms.
 26433 | Spider:4 | 26433 ||| INVOKING Brothers in Arms.
 26434 | Spider:4 | 26434 ||| INVOKING Brothers in Arms.
 26435 | Spider:4 | 26435 ||| INVOKING Brothers in Arms.
 26436 | Spider:4 | 26436 ||| INVOKING Brothers in Arms.
 26437 | Spider:4 | 26437 ||| INVOKING Brothers in Arms.
 26438 | Spider:4 | 26438 ||| INVOKING Brothers in Arms.
 26439 | Spider:4 | 26439 ||| INVOKING Brothers in Arms.
 26453 | Spider:4 | 26453 ||| DRINKING potion of heal wounds.
 26454 | Spider:4 | 26454 ||| INVOKING Heal Wounds.
 26469 | Spider:4 | 26469 ||| Stepping ~*~*~tactically~*~*~ (water).
 26474 | Spider:4 | 26474 ||| INVOKING Berserk.
 26577 | Spider:4 | Got a gossamer rune of Zot
 26898 | D:14     | 26898 ||| EATING 45 rations.
 26927 | Vaults:1 | Entered Level 1 of the Vaults
 26928 | Vaults:1 | 26928 ||| Entered V.
 26928 | Vaults:1 | 26928 ||| STAIRDANCE
 26934 | Vaults:1 | 26934 ||| STAIRDANCE
 26999 | Vaults:1 | 26999 ||| Stepping ~*~*~tactically~*~*~ (stealth).
 27000 | Vaults:1 | 27000 ||| Stepping ~*~*~tactically~*~*~ (stealth).
 27001 | Vaults:1 | 27001 ||| Stepping ~*~*~tactically~*~*~ (stealth).
 27002 | Vaults:1 | 27002 ||| Stepping ~*~*~tactically~*~*~ (stealth).
 27023 | Vaults:1 | 27023 ||| INVOKING Heal Wounds.
 27107 | Vaults:1 | 27107 ||| INVOKING Heal Wounds.
 27108 | Vaults:1 | 27108 ||| INVOKING Heal Wounds.
 27109 | Vaults:1 | 27109 ||| INVOKING Heal Wounds.
 27141 | Vaults:1 | 27141 ||| INVOKING Berserk.
 27290 | Vaults:1 | 27290 ||| INVOKING Berserk.
 27425 | Vaults:1 | 27425 ||| Stepping ~*~*~tactically~*~*~ (hiding).
 27426 | Vaults:1 | 27426 ||| Waiting for ranged monster.
 27427 | Vaults:1 | 27427 ||| Stepping ~*~*~tactically~*~*~ (hiding).
 27428 | Vaults:1 | 27428 ||| Waiting for ranged monster.
 27429 | Vaults:1 | 27429 ||| Waiting for ranged monster.
 27434 | Vaults:1 | 27434 ||| Stepping ~*~*~tactically~*~*~ (stealth).
 27448 | Vaults:1 | Received a gift from Trog
 27449 | Vaults:1 | 27449 ||| INVOKING Heal Wounds.
 27551 | Vaults:1 | 27551 ||| Stepping ~*~*~tactically~*~*~ (hiding).
 27552 | Vaults:1 | 27552 ||| Waiting for ranged monster.
 27558 | Vaults:1 | 27558 ||| Waiting for ranged monster.
 27559 | Vaults:1 | 27559 ||| Waiting for ranged monster.
 27560 | Vaults:1 | 27560 ||| Waiting for ranged monster.
 27566 | Vaults:1 | 27566 ||| Stepping ~*~*~tactically~*~*~ (hiding).
 27588 | Vaults:1 | 27588 ||| INVOKING Heal Wounds.
 27637 | Vaults:1 | 27637 ||| Stepping ~*~*~tactically~*~*~ (hiding).
 27638 | Vaults:1 | 27638 ||| Stepping ~*~*~tactically~*~*~ (hiding).
 27639 | Vaults:1 | 27639 ||| Waiting for ranged monster.
 27760 | Vaults:1 | 27760 ||| Stepping ~*~*~tactically~*~*~ (stealth).
 27791 | Vaults:1 | 27791 ||| Stepping ~*~*~tactically~*~*~ (stealth).
 27793 | Vaults:1 | 27793 ||| Stepping ~*~*~tactically~*~*~ (stealth).
 27833 | Vaults:1 | 27833 ||| Stepping ~*~*~tactically~*~*~ (hiding).
 27839 | Vaults:1 | 27839 ||| INVOKING Heal Wounds.
 27840 | Vaults:1 | 27840 ||| Waiting for ranged monster.
 27841 | Vaults:1 | 27841 ||| Waiting for ranged monster.
 27842 | Vaults:1 | 27842 ||| Waiting for ranged monster.
 27863 | Vaults:1 | 27863 ||| Stepping ~*~*~tactically~*~*~ (stealth).
 27865 | Vaults:1 | 27865 ||| Stepping ~*~*~tactically~*~*~ (stealth).
 27866 | Vaults:1 | 27866 ||| Stepping ~*~*~tactically~*~*~ (stealth).
 27867 | Vaults:1 | 27867 ||| Stepping ~*~*~tactically~*~*~ (stealth).
 27868 | Vaults:1 | 27868 ||| Stepping ~*~*~tactically~*~*~ (stealth).
 27869 | Vaults:1 | 27869 ||| Stepping ~*~*~tactically~*~*~ (stealth).
 27870 | Vaults:1 | 27870 ||| Stepping ~*~*~tactically~*~*~ (stealth).
 27872 | Vaults:1 | 27872 ||| Stepping ~*~*~tactically~*~*~ (stealth).
 27873 | Vaults:1 | 27873 ||| Stepping ~*~*~tactically~*~*~ (stealth).
 27874 | Vaults:1 | 27874 ||| Stepping ~*~*~tactically~*~*~ (stealth).
 27875 | Vaults:1 | 27875 ||| Stepping ~*~*~tactically~*~*~ (stealth).
 27876 | Vaults:1 | 27876 ||| Stepping ~*~*~tactically~*~*~ (stealth).
 27877 | Vaults:1 | 27877 ||| Stepping ~*~*~tactically~*~*~ (stealth).
 27879 | Vaults:1 | 27879 ||| Stepping ~*~*~tactically~*~*~ (stealth).
 27880 | Vaults:1 | 27880 ||| Stepping ~*~*~tactically~*~*~ (stealth).
 27881 | Vaults:1 | 27881 ||| Stepping ~*~*~tactically~*~*~ (stealth).
 27883 | Vaults:1 | 27883 ||| Stepping ~*~*~tactically~*~*~ (stealth).
 27884 | Vaults:1 | 27884 ||| Stepping ~*~*~tactically~*~*~ (stealth).
 27885 | Vaults:1 | 27885 ||| Stepping ~*~*~tactically~*~*~ (stealth).
 27886 | Vaults:1 | 27886 ||| Stepping ~*~*~tactically~*~*~ (stealth).
 27941 | Vaults:1 | 27941 ||| Stepping ~*~*~tactically~*~*~ (hiding).
 27943 | Vaults:1 | 27943 ||| Stepping ~*~*~tactically~*~*~ (hiding).
 27972 | Vaults:1 | Received a gift from Trog
 27976 | Vaults:1 | 27976 ||| INVOKING Heal Wounds.
 27978 | Vaults:1 | 27978 ||| SWAPPING to runed broad axe {god gift}.
 27979 | Vaults:1 | 27979 ||| SWAPPING to +5 broad axe of freezing.
 27980 | Vaults:1 | 27980 ||| DROPPING +3 antimagic broad axe.
 28064 | Vaults:1 | 28064 ||| Stepping ~*~*~tactically~*~*~ (hiding).
 28075 | Vaults:1 | 28075 ||| INVOKING Berserk.
 28102 | Vaults:1 | 28102 ||| INVOKING Heal Wounds.
 28204 | Vaults:1 | 28204 ||| Stepping ~*~*~tactically~*~*~ (stealth).
 28258 | Vaults:1 | 28258 ||| Stepping ~*~*~tactically~*~*~ (hiding).
 28259 | Vaults:1 | 28259 ||| Stepping ~*~*~tactically~*~*~ (hiding).
 28260 | Vaults:1 | 28260 ||| Stepping ~*~*~tactically~*~*~ (hiding).
 28261 | Vaults:1 | 28261 ||| Stepping ~*~*~tactically~*~*~ (hiding).
 28280 | Vaults:1 | 28280 ||| INVOKING Heal Wounds.
 28524 | Vaults:2 | 28524 ||| Stepping ~*~*~tactically~*~*~ (hiding).
 28525 | Vaults:2 | 28525 ||| Waiting for ranged monster.
 28526 | Vaults:2 | 28526 ||| Waiting for ranged monster.
 28527 | Vaults:2 | 28527 ||| Waiting for ranged monster.
 28528 | Vaults:2 | 28528 ||| Waiting for ranged monster.
 28529 | Vaults:2 | 28529 ||| Waiting for ranged monster.
 28561 | Vaults:2 | 28561 ||| Stepping ~*~*~tactically~*~*~ (hiding).
 28562 | Vaults:2 | 28562 ||| Waiting for ranged monster.
 28563 | Vaults:2 | 28563 ||| Waiting for ranged monster.
 28564 | Vaults:2 | 28564 ||| Waiting for ranged monster.
 28566 | Vaults:2 | 28566 ||| INVOKING Berserk.
 28571 | Vaults:2 | Gained mutation: You passively map a large area around you.
                  | [Deep Dwarf growth]
 28571 | Vaults:2 | Reached XP level 18. HP: 161/172 MP: 10/10
 28575 | Vaults:2 | 28575 ||| INVOKING Heal Wounds.
 28576 | Vaults:2 | 28576 ||| INVOKING Heal Wounds.
 28583 | Vaults:2 | 28583 ||| Stepping ~*~*~tactically~*~*~ (stealth).
 28584 | Vaults:2 | 28584 ||| Stepping ~*~*~tactically~*~*~ (stealth).
 28592 | Vaults:2 | 28592 ||| EATING 46 rations.
 28609 | Vaults:2 | 28609 ||| FLEEEEING.
 28610 | Vaults:2 | 28610 ||| FLEEEEING.
 28611 | Vaults:2 | 28611 ||| FLEEEEING.
 28612 | Vaults:2 | 28612 ||| FLEEEEING.
 28613 | Vaults:2 | 28613 ||| FLEEEEING.
 28614 | Vaults:2 | 28614 ||| FLEEEEING.
 28615 | Vaults:2 | 28615 ||| FLEEEEING.
 28616 | Vaults:2 | 28616 ||| FLEEEEING.
 28617 | Vaults:2 | 28617 ||| FLEEEEING.
 28618 | Vaults:2 | 28618 ||| FLEEEEING.
 28619 | Vaults:2 | 28619 ||| FLEEEEING.
 28620 | Vaults:2 | 28620 ||| FLEEEEING.
 28621 | Vaults:2 | 28621 ||| FLEEEEING.
 28622 | Vaults:2 | 28622 ||| FLEEEEING.
 28623 | Vaults:2 | 28623 ||| FLEEEEING.
 28624 | Vaults:2 | 28624 ||| FLEEEEING.
 28657 | Vaults:2 | 28657 ||| DROPPING +2 broad axe of flaming.
 28707 | Vaults:2 | 28707 ||| Stepping ~*~*~tactically~*~*~ (stealth).
 28709 | Vaults:2 | 28709 ||| Stepping ~*~*~tactically~*~*~ (stealth).
 28710 | Vaults:2 | 28710 ||| Stepping ~*~*~tactically~*~*~ (stealth).
 28712 | Vaults:2 | 28712 ||| Stepping ~*~*~tactically~*~*~ (stealth).
 28713 | Vaults:2 | 28713 ||| Stepping ~*~*~tactically~*~*~ (stealth).
 28781 | Vaults:2 | 28781 ||| Stepping ~*~*~tactically~*~*~ (hiding).
 28847 | Vaults:2 | 28847 ||| Stepping ~*~*~tactically~*~*~ (stealth).
 28854 | Vaults:2 | 28854 ||| Stepping ~*~*~tactically~*~*~ (stealth).
 28860 | Vaults:2 | Received a gift from Trog
 29118 | Vaults:2 | 29118 ||| Stepping ~*~*~tactically~*~*~ (hiding).
 29119 | Vaults:2 | 29119 ||| Stepping ~*~*~tactically~*~*~ (hiding).
 29120 | Vaults:2 | 29120 ||| Stepping ~*~*~tactically~*~*~ (hiding).
 29121 | Vaults:2 | 29121 ||| Stepping ~*~*~tactically~*~*~ (hiding).
 29122 | Vaults:2 | 29122 ||| Stepping ~*~*~tactically~*~*~ (hiding).
 29123 | Vaults:2 | 29123 ||| Stepping ~*~*~tactically~*~*~ (hiding).
 29124 | Vaults:2 | 29124 ||| Stepping ~*~*~tactically~*~*~ (hiding).
 29125 | Vaults:2 | 29125 ||| Waiting for ranged monster.
 29126 | Vaults:2 | 29126 ||| Waiting for ranged monster.
 29127 | Vaults:2 | 29127 ||| Waiting for ranged monster.
 29128 | Vaults:2 | 29128 ||| Waiting for ranged monster.
 29129 | Vaults:2 | 29129 ||| Waiting for ranged monster.
 29130 | Vaults:2 | 29130 ||| Waiting for ranged monster.
 29231 | Vaults:2 | 29231 ||| INVOKING Heal Wounds.
 29569 | Vaults:2 | 29569 ||| Stepping ~*~*~tactically~*~*~ (hiding).
 29570 | Vaults:2 | 29570 ||| Stepping ~*~*~tactically~*~*~ (hiding).
 29571 | Vaults:2 | 29571 ||| Waiting for ranged monster.
 29808 | Vaults:2 | 29808 ||| READING scroll labeled BUFUSYTAX.
 29871 | Vaults:3 | 29871 ||| INVOKING Heal Wounds.
 29936 | Vaults:3 | 29936 ||| INVOKING Heal Wounds.
 29952 | Vaults:3 | Received a gift from Trog
 29952 | Vaults:3 | Reached skill level 18 in Shields
 29953 | Vaults:3 | 29953 ||| INVOKING Heal Wounds.
 29954 | Vaults:3 | 29954 ||| INVOKING Heal Wounds.
 29955 | Vaults:3 | 29955 ||| INVOKING Heal Wounds.
 29957 | Vaults:3 | Got an ivory broad axe {god gift}
 29958 | Vaults:3 | 29958 ||| SWAPPING to ivory broad axe {god gift}.
 29958 | Vaults:3 | Identified the +10 broad axe of Uppiuc {flame, rC+ Str-2
                  | Int+6} (Trog gifted it to you on level 3 of the Vaults)
 29959 | Vaults:3 | 29959 ||| DROPPING +5 broad axe of freezing.
 29999 | Vaults:3 | 29999 ||| Stepping ~*~*~tactically~*~*~ (hiding).
 30000 | Vaults:3 | 30000 ||| Waiting for ranged monster.
 30001 | Vaults:3 | 30001 ||| Stepping ~*~*~tactically~*~*~ (hiding).
 30002 | Vaults:3 | 30002 ||| Stepping ~*~*~tactically~*~*~ (hiding).
 30003 | Vaults:3 | 30003 ||| Waiting for ranged monster.
 30004 | Vaults:3 | 30004 ||| Waiting for ranged monster.
 30005 | Vaults:3 | 30005 ||| Waiting for ranged monster.
 30006 | Vaults:3 | 30006 ||| Stepping ~*~*~tactically~*~*~ (hiding).
 30007 | Vaults:3 | 30007 ||| Waiting for ranged monster.
 30011 | Vaults:3 | 30011 ||| Waiting for ranged monster.
 30012 | Vaults:3 | 30012 ||| Waiting for ranged monster.
 30013 | Vaults:3 | 30013 ||| Waiting for ranged monster.
 30014 | Vaults:3 | 30014 ||| Waiting for ranged monster.
 30015 | Vaults:3 | 30015 ||| Waiting for ranged monster.
 30027 | Vaults:3 | 30027 ||| Stepping ~*~*~tactically~*~*~ (stealth).
 30108 | Vaults:3 | Found Oboyrity's Food Emporium.
 30146 | Vaults:3 | 30146 ||| INVOKING Heal Wounds.
 30167 | Vaults:3 | 30167 ||| Stepping ~*~*~tactically~*~*~ (hiding).
 30184 | Vaults:3 | 30184 ||| Stepping ~*~*~tactically~*~*~ (stealth).
 30225 | Vaults:3 | Found a staircase to the Crypt.
 30225 | Vaults:3 | Found an ancient bone altar of Kikubaaqudgha.
 30226 | Vaults:3 | Found a basalt altar of Yredelemnul.
 30245 | Vaults:3 | 30245 ||| Stepping ~*~*~tactically~*~*~ (hiding).
 30416 | Vaults:3 | 30416 ||| Stepping ~*~*~tactically~*~*~ (hiding).
 30417 | Vaults:3 | 30417 ||| Waiting for ranged monster.
 30418 | Vaults:3 | 30418 ||| Stepping ~*~*~tactically~*~*~ (hiding).
 30419 | Vaults:3 | 30419 ||| Stepping ~*~*~tactically~*~*~ (hiding).
 30420 | Vaults:3 | 30420 ||| Stepping ~*~*~tactically~*~*~ (hiding).
 30421 | Vaults:3 | 30421 ||| Stepping ~*~*~tactically~*~*~ (hiding).
 30422 | Vaults:3 | 30422 ||| Stepping ~*~*~tactically~*~*~ (hiding).
 30423 | Vaults:3 | 30423 ||| Stepping ~*~*~tactically~*~*~ (hiding).
 30424 | Vaults:3 | 30424 ||| Waiting for ranged monster.
 30425 | Vaults:3 | 30425 ||| Waiting for ranged monster.
 30426 | Vaults:3 | 30426 ||| Stepping ~*~*~tactically~*~*~ (hiding).
 30427 | Vaults:3 | 30427 ||| Waiting for ranged monster.
 30428 | Vaults:3 | 30428 ||| Stepping ~*~*~tactically~*~*~ (hiding).
 30435 | Vaults:3 | 30435 ||| Waiting for ranged monster.
 30436 | Vaults:3 | 30436 ||| Waiting for ranged monster.
 30437 | Vaults:3 | 30437 ||| Waiting for ranged monster.
 30612 | Vaults:3 | 30612 ||| Stepping ~*~*~tactically~*~*~ (hiding).
 30613 | Vaults:3 | 30613 ||| Stepping ~*~*~tactically~*~*~ (hiding).
 30614 | Vaults:3 | 30614 ||| Stepping ~*~*~tactically~*~*~ (hiding).
 30615 | Vaults:3 | 30615 ||| Stepping ~*~*~tactically~*~*~ (hiding).
 30616 | Vaults:3 | 30616 ||| Stepping ~*~*~tactically~*~*~ (hiding).
 30617 | Vaults:3 | 30617 ||| Stepping ~*~*~tactically~*~*~ (hiding).
 30618 | Vaults:3 | 30618 ||| Stepping ~*~*~tactically~*~*~ (hiding).
 30619 | Vaults:3 | 30619 ||| Stepping ~*~*~tactically~*~*~ (hiding).
 30719 | Vaults:3 | 30719 ||| Stepping ~*~*~tactically~*~*~ (hiding).
 30720 | Vaults:3 | 30720 ||| Stepping ~*~*~tactically~*~*~ (hiding).
 30721 | Vaults:3 | 30721 ||| Waiting for ranged monster.
 30722 | Vaults:3 | 30722 ||| Stepping ~*~*~tactically~*~*~ (hiding).
 30723 | Vaults:3 | 30723 ||| Waiting for ranged monster.
 30753 | Vaults:3 | Reached skill level 18 in Armour
 30754 | Vaults:3 | 30754 ||| INVOKING Heal Wounds.
 30795 | Vaults:3 | 30795 ||| Stepping ~*~*~tactically~*~*~ (stealth).
 30797 | Vaults:3 | 30797 ||| Stepping ~*~*~tactically~*~*~ (stealth).
 30799 | Vaults:3 | 30799 ||| Stepping ~*~*~tactically~*~*~ (stealth).
 30801 | Vaults:3 | 30801 ||| Stepping ~*~*~tactically~*~*~ (hiding).
 30802 | Vaults:3 | 30802 ||| Waiting for ranged monster.
 30958 | Vaults:3 | 30958 ||| Stepping ~*~*~tactically~*~*~ (hiding).
 30959 | Vaults:3 | 30959 ||| Stepping ~*~*~tactically~*~*~ (hiding).
 30960 | Vaults:3 | 30960 ||| Waiting for ranged monster.
 30961 | Vaults:3 | 30961 ||| Waiting for ranged monster.
 30962 | Vaults:3 | 30962 ||| Waiting for ranged monster.
 30963 | Vaults:3 | 30963 ||| Waiting for ranged monster.
 31033 | Vaults:4 | 31033 ||| STAIRDANCE
 31042 | Vaults:4 | 31042 ||| STAIRDANCE
 31051 | Vaults:4 | 31051 ||| STAIRDANCE
 31067 | Vaults:4 | 31067 ||| INVOKING Trog's Hand.
 31075 | Vaults:4 | 31075 ||| STAIRDANCE
 31123 | Vaults:4 | 31123 ||| Stepping ~*~*~tactically~*~*~ (stealth).
 31133 | Vaults:4 | 31133 ||| Stepping ~*~*~tactically~*~*~ (stealth).
 31135 | Vaults:4 | 31135 ||| Stepping ~*~*~tactically~*~*~ (hiding).
 31136 | Vaults:4 | Received a gift from Trog
 31137 | Vaults:4 | 31137 ||| Waiting for ranged monster.
 31167 | Vaults:4 | 31167 ||| INVOKING Heal Wounds.
 31168 | Vaults:4 | 31168 ||| INVOKING Heal Wounds.
 31194 | Vaults:4 | 31194 ||| Stepping ~*~*~tactically~*~*~ (hiding).
 31196 | Vaults:4 | 31196 ||| Stepping ~*~*~tactically~*~*~ (hiding).
 31313 | Vaults:4 | Noticed Xtahua
 31314 | Vaults:4 | 31314 ||| Stepping ~*~*~tactically~*~*~ (hiding).
 31315 | Vaults:4 | 31315 ||| Waiting for ranged monster.
 31319 | Vaults:4 | 31319 ||| INVOKING Trog's Hand.
 31321 | Vaults:4 | 31321 ||| DRINKING 3 potions of resistance.
 31335 | Vaults:4 | Killed Xtahua
 31476 | Vaults:4 | 31476 ||| Stepping ~*~*~tactically~*~*~ (hiding).
 31477 | Vaults:4 | 31477 ||| Waiting for ranged monster.
 31479 | Vaults:4 | 31479 ||| INVOKING Trog's Hand.
 31487 | Vaults:4 | Reached XP level 19. HP: 184/184 MP: 7/7
 31665 | Vaults:4 | 31665 ||| FLEEEEING.
 31666 | Vaults:4 | 31666 ||| FLEEEEING.
 31667 | Vaults:4 | 31667 ||| FLEEEEING.
 31668 | Vaults:4 | 31668 ||| FLEEEEING.
 31669 | Vaults:4 | 31669 ||| FLEEEEING.
 31670 | Vaults:4 | 31670 ||| FLEEEEING.
 31671 | Vaults:4 | 31671 ||| FLEEEEING.
 31672 | Vaults:4 | 31672 ||| FLEEEEING.
 31673 | Vaults:4 | 31673 ||| STILL FLEEEEING.
 31674 | Vaults:4 | 31674 ||| STILL FLEEEEING.
 31675 | Vaults:4 | 31675 ||| FLEEEEING.
 31678 | Vaults:4 | 31678 ||| FLEEEEING.
 31679 | Vaults:4 | 31679 ||| Stepping ~*~*~tactically~*~*~ (hiding).
 31680 | Vaults:4 | 31680 ||| FLEEEEING.
 31684 | Vaults:4 | 31684 ||| FLEEEEING.
 31712 | Vaults:4 | 31712 ||| Stepping ~*~*~tactically~*~*~ (hiding).
 31713 | Vaults:4 | Received a gift from Trog
 31714 | Vaults:4 | 31714 ||| Waiting for ranged monster.
 31715 | Vaults:4 | 31715 ||| Waiting for ranged monster.
 31725 | Vaults:4 | 31725 ||| Stepping ~*~*~tactically~*~*~ (hiding).
 31726 | Vaults:4 | 31726 ||| Stepping ~*~*~tactically~*~*~ (hiding).
 31727 | Vaults:4 | 31727 ||| Stepping ~*~*~tactically~*~*~ (hiding).
 31728 | Vaults:4 | 31728 ||| Waiting for ranged monster.
 31729 | Vaults:4 | 31729 ||| Stepping ~*~*~tactically~*~*~ (hiding).
 31730 | Vaults:4 | 31730 ||| Waiting for ranged monster.
 31734 | Vaults:4 | Reached skill level 15 in Fighting
 31740 | Vaults:4 | Identified the +7 arbalest of the Viper {venom, rElec rPois
                  | rN++ Dex-3}
 31764 | Vaults:4 | 31764 ||| Stepping ~*~*~tactically~*~*~ (hiding).
 31765 | Vaults:4 | 31765 ||| Waiting for ranged monster.
 31766 | Vaults:4 | 31766 ||| Stepping ~*~*~tactically~*~*~ (hiding).
 31767 | Vaults:4 | 31767 ||| Waiting for ranged monster.
 31768 | Vaults:4 | 31768 ||| Waiting for ranged monster.
 31769 | Vaults:4 | 31769 ||| Waiting for ranged monster.
 31770 | Vaults:4 | 31770 ||| Waiting for ranged monster.
 31793 | Vaults:4 | 31793 ||| Stepping ~*~*~tactically~*~*~ (stealth).
 31871 | Vaults:4 | 31871 ||| INVOKING Trog's Hand.
 31950 | Vaults:4 | 31950 ||| Stepping ~*~*~tactically~*~*~ (stealth).
 31952 | Vaults:4 | 31952 ||| Stepping ~*~*~tactically~*~*~ (hiding).
 31953 | Vaults:4 | 31953 ||| Stepping ~*~*~tactically~*~*~ (hiding).
 31954 | Vaults:4 | 31954 ||| Waiting for ranged monster.
 31955 | Vaults:4 | 31955 ||| Waiting for ranged monster.
 31957 | Vaults:4 | 31957 ||| Stepping ~*~*~tactically~*~*~ (hiding).
 31980 | Vaults:4 | 31980 ||| Stepping ~*~*~tactically~*~*~ (stealth).
 31982 | Vaults:4 | 31982 ||| Stepping ~*~*~tactically~*~*~ (hiding).
 31983 | Vaults:4 | 31983 ||| Waiting for ranged monster.
 31984 | Vaults:4 | 31984 ||| Waiting for ranged monster.
 31985 | Vaults:4 | 31985 ||| Waiting for ranged monster.
 31987 | Vaults:4 | 31987 ||| INVOKING Berserk.
 32020 | Vaults:4 | 32020 ||| Stepping ~*~*~tactically~*~*~ (stealth).
 32035 | Vaults:4 | 32035 ||| Stepping ~*~*~tactically~*~*~ (hiding).
 32036 | Vaults:4 | 32036 ||| Waiting for ranged monster.
 32037 | Vaults:4 | 32037 ||| Waiting for ranged monster.
 32081 | Vaults:4 | 32081 ||| Stepping ~*~*~tactically~*~*~ (hiding).
 32082 | Vaults:4 | 32082 ||| Stepping ~*~*~tactically~*~*~ (hiding).
 32083 | Vaults:4 | 32083 ||| Waiting for ranged monster.
 32084 | Vaults:4 | 32084 ||| Waiting for ranged monster.
 32103 | Vaults:4 | 32103 ||| INVOKING Berserk.
 32117 | Vaults:4 | Received a gift from Trog
 32127 | Vaults:4 | 32127 ||| INVOKING Heal Wounds.
 32187 | Vaults:4 | 32187 ||| INVOKING Trog's Hand.
 32192 | Vaults:4 | 32192 ||| INVOKING Berserk.
 32229 | Vaults:4 | 32229 ||| FLEEEEING.
 32230 | Vaults:4 | 32230 ||| FLEEEEING.
 32231 | Vaults:4 | 32231 ||| FLEEEEING.
 32232 | Vaults:4 | 32232 ||| FLEEEEING.
 32233 | Vaults:4 | 32233 ||| FLEEEEING.
 32234 | Vaults:4 | 32234 ||| FLEEEEING.
 32235 | Vaults:4 | 32235 ||| FLEEEEING.
 32236 | Vaults:4 | 32236 ||| FLEEEEING.
 32237 | Vaults:4 | 32237 ||| FLEEEEING.
 32238 | Vaults:4 | 32238 ||| FLEEEEING.
 32239 | Vaults:4 | 32239 ||| FLEEEEING.
 32240 | Vaults:4 | 32240 ||| FLEEEEING.
 32241 | Vaults:4 | 32241 ||| FLEEEEING.
 32242 | Vaults:4 | 32242 ||| FLEEEEING.
 32243 | Vaults:4 | 32243 ||| FLEEEEING.
 32244 | Vaults:4 | 32244 ||| FLEEEEING.
 32245 | Vaults:4 | 32245 ||| FLEEEEING.
 32246 | Vaults:4 | 32246 ||| FLEEEEING.
 32247 | Vaults:4 | 32247 ||| STILL FLEEEEING.
 32248 | Vaults:4 | 32248 ||| STILL FLEEEEING.
 32249 | Vaults:4 | 32249 ||| STILL FLEEEEING.
 32250 | Vaults:4 | 32250 ||| STILL FLEEEEING.
 32251 | Vaults:4 | 32251 ||| STILL FLEEEEING.
 32252 | Vaults:4 | 32252 ||| STILL FLEEEEING.
 32253 | Vaults:4 | 32253 ||| STILL FLEEEEING.
 32254 | Vaults:4 | 32254 ||| STILL FLEEEEING.
 32255 | Vaults:4 | 32255 ||| STILL FLEEEEING.
 32335 | Vaults:4 | 32335 ||| Stepping ~*~*~tactically~*~*~ (stealth).
 32338 | Vaults:4 | 32338 ||| Stepping ~*~*~tactically~*~*~ (hiding).
 32566 | Vaults:4 | 32566 ||| Stepping ~*~*~tactically~*~*~ (hiding).
 32567 | Vaults:4 | 32567 ||| Stepping ~*~*~tactically~*~*~ (hiding).
 33024 | Shoals:1 | Entered Level 1 of the Shoals
 33025 | Shoals:1 | 33025 ||| Entered A.
 33027 | Shoals:1 | 33027 ||| STAIRDANCE
 33027 | Shoals:1 | Noticed Donald
 33035 | Shoals:1 | 33035 ||| STAIRDANCE
 33037 | Lair:3   | 33037 ||| INVOKING Berserk.
 33055 | Lair:3   | Killed Donald
 33056 | Lair:3   | 33056 ||| EATING 53 rations.
 33058 | Lair:3   | 33058 ||| INVOKING Heal Wounds.
 33151 | Lair:6   | 33151 ||| READING 2 scrolls of teleportation.
 33152 | Lair:6   | 33152 ||| STAIRDANCE
 33170 | Lair:6   | 33170 ||| READING scroll of teleportation.
 33171 | Lair:6   | 33171 ||| STAIRDANCE
 33191 | Lair:6   | 33191 ||| Stepping randomly (stuck).
 33192 | Lair:6   | 33192 ||| Stepping randomly (stuck).
 33193 | Lair:6   | 33193 ||| Stepping randomly (stuck).
 33194 | Lair:6   | 33194 ||| Stepping randomly (stuck).
 33195 | Lair:6   | 33195 ||| Stepping randomly (stuck).
 33196 | Lair:6   | 33196 ||| Stepping randomly (stuck).
 33197 | Lair:6   | 33197 ||| Stepping randomly (stuck).
 33198 | Lair:6   | 33198 ||| Stepping randomly (stuck).
 33199 | Lair:6   | 33199 ||| Stepping randomly (stuck).
 33200 | Lair:6   | 33200 ||| Stepping randomly (stuck).
 33201 | Lair:6   | 33201 ||| Stepping randomly (stuck).
 33202 | Lair:6   | 33202 ||| Stepping randomly (stuck).
 33203 | Lair:6   | 33203 ||| Stepping randomly (stuck).
 33204 | Lair:6   | 33204 ||| Stepping randomly (stuck).
 33205 | Lair:6   | 33205 ||| Stepping randomly (stuck).
 33206 | Lair:6   | 33206 ||| Stepping randomly (stuck).
 33207 | Lair:6   | 33207 ||| Stepping randomly (stuck).
 33208 | Lair:6   | 33208 ||| Stepping randomly (stuck).
 33209 | Lair:6   | 33209 ||| Stepping randomly (stuck).
 33210 | Lair:6   | 33210 ||| Stepping randomly (stuck).
 33211 | Lair:6   | 33211 ||| Stepping randomly (stuck).
 33212 | Lair:6   | 33212 ||| Stepping randomly (stuck).
 33213 | Lair:6   | 33213 ||| Stepping randomly (stuck).
 33214 | Lair:6   | 33214 ||| Stepping randomly (stuck).
 33215 | Lair:6   | 33215 ||| Stepping randomly (stuck).
 33216 | Lair:6   | 33216 ||| Stepping randomly (stuck).
 33217 | Lair:6   | 33217 ||| Stepping randomly (stuck).
 33218 | Lair:6   | 33218 ||| Stepping randomly (stuck).
 33219 | Lair:6   | 33219 ||| Stepping randomly (stuck).
 33220 | Lair:6   | 33220 ||| Stepping randomly (stuck).
 33221 | Lair:6   | 33221 ||| Stepping randomly (stuck).
 33222 | Lair:6   | 33222 ||| Stepping randomly (stuck).
 33223 | Lair:6   | 33223 ||| Stepping randomly (stuck).
 33224 | Lair:6   | 33224 ||| Stepping randomly (stuck).
 33225 | Lair:6   | 33225 ||| Stepping randomly (stuck).
 33226 | Lair:6   | 33226 ||| Stepping randomly (stuck).
 33227 | Lair:6   | 33227 ||| Stepping randomly (stuck).
 33228 | Lair:6   | 33228 ||| Stepping randomly (stuck).
 33229 | Lair:6   | 33229 ||| Stepping randomly (stuck).
 33230 | Lair:6   | 33230 ||| Stepping randomly (stuck).
 33231 | Lair:6   | 33231 ||| Stepping randomly (stuck).
 33232 | Lair:6   | 33232 ||| Stepping randomly (stuck).
 33233 | Lair:6   | 33233 ||| Stepping randomly (stuck).
 33234 | Lair:6   | 33234 ||| Stepping randomly (stuck).
 33235 | Lair:6   | 33235 ||| Stepping randomly (stuck).
 33236 | Lair:6   | 33236 ||| Stepping randomly (stuck).
 33237 | Lair:6   | 33237 ||| Stepping randomly (stuck).
 33238 | Lair:6   | 33238 ||| Stepping randomly (stuck).
 33239 | Lair:6   | 33239 ||| Stepping randomly (stuck).
 33240 | Lair:6   | 33240 ||| Stepping randomly (stuck).
 33241 | Lair:6   | 33241 ||| Stepping randomly (stuck).
 33242 | Lair:6   | 33242 ||| Stepping randomly (stuck).
 33243 | Lair:6   | 33243 ||| Stepping randomly (stuck).
 33244 | Lair:6   | 33244 ||| Stepping randomly (stuck).
 33245 | Lair:6   | 33245 ||| Stepping randomly (stuck).
 33246 | Lair:6   | 33246 ||| Stepping randomly (stuck).
 33247 | Lair:6   | 33247 ||| Stepping randomly (stuck).
 33248 | Lair:6   | 33248 ||| Stepping randomly (stuck).
 33249 | Lair:6   | 33249 ||| Stepping randomly (stuck).
 33250 | Lair:6   | 33250 ||| Stepping randomly (stuck).
 33251 | Lair:6   | 33251 ||| Stepping randomly (stuck).
 33252 | Lair:6   | 33252 ||| Stepping randomly (stuck).
 33253 | Lair:6   | 33253 ||| Stepping randomly (stuck).
 33254 | Lair:6   | 33254 ||| Stepping randomly (stuck).
 33255 | Lair:6   | 33255 ||| Stepping randomly (stuck).
 33256 | Lair:6   | 33256 ||| Stepping randomly (stuck).
 33257 | Lair:6   | 33257 ||| Stepping randomly (stuck).
 33258 | Lair:6   | 33258 ||| Stepping randomly (stuck).
 33259 | Lair:6   | 33259 ||| Stepping randomly (stuck).
 33260 | Lair:6   | 33260 ||| Stepping randomly (stuck).
 33261 | Lair:6   | 33261 ||| Stepping randomly (stuck).
 33262 | Lair:6   | 33262 ||| Stepping randomly (stuck).
 33263 | Lair:6   | 33263 ||| Stepping randomly (stuck).
 33264 | Lair:6   | 33264 ||| Stepping randomly (stuck).
 33265 | Lair:6   | 33265 ||| Stepping randomly (stuck).
 33266 | Lair:6   | 33266 ||| Stepping randomly (stuck).
 33267 | Lair:6   | 33267 ||| Stepping randomly (stuck).
 33268 | Lair:6   | 33268 ||| Stepping randomly (stuck).
 33269 | Lair:6   | 33269 ||| Stepping randomly (stuck).
 33270 | Lair:6   | 33270 ||| Stepping randomly (stuck).
 33271 | Lair:6   | 33271 ||| Stepping randomly (stuck).
 33272 | Lair:6   | 33272 ||| Stepping randomly (stuck).
 33273 | Lair:6   | 33273 ||| Stepping randomly (stuck).
 33274 | Lair:6   | 33274 ||| Stepping randomly (stuck).
 33275 | Lair:6   | 33275 ||| Stepping randomly (stuck).
 33276 | Lair:6   | 33276 ||| Stepping randomly (stuck).
 33277 | Lair:6   | 33277 ||| Stepping randomly (stuck).
 33278 | Lair:6   | 33278 ||| Stepping randomly (stuck).
 33279 | Lair:6   | 33279 ||| Stepping randomly (stuck).
 33280 | Lair:6   | 33280 ||| Stepping randomly (stuck).
 33281 | Lair:6   | 33281 ||| Stepping randomly (stuck).
 33282 | Lair:6   | 33282 ||| Stepping randomly (stuck).
 33283 | Lair:6   | 33283 ||| Stepping randomly (stuck).
 33284 | Lair:6   | 33284 ||| Stepping randomly (stuck).
 33285 | Lair:6   | 33285 ||| Stepping randomly (stuck).
 33286 | Lair:6   | 33286 ||| Stepping randomly (stuck).
 33287 | Lair:6   | 33287 ||| Stepping randomly (stuck).
 33288 | Lair:6   | 33288 ||| Stepping randomly (stuck).
 33289 | Lair:6   | 33289 ||| Stepping randomly (stuck).
 33290 | Lair:6   | 33290 ||| Stepping randomly (stuck).
 33324 | Lair:6   | 33324 ||| Stepping randomly (stuck).
 33325 | Lair:6   | 33325 ||| Stepping randomly (stuck).
 33326 | Lair:6   | 33326 ||| Stepping randomly (stuck).
 33327 | Lair:6   | 33327 ||| Stepping randomly (stuck).
 33328 | Lair:6   | 33328 ||| Stepping randomly (stuck).
 33329 | Lair:6   | 33329 ||| Stepping randomly (stuck).
 33330 | Lair:6   | 33330 ||| Stepping randomly (stuck).
 33331 | Lair:6   | 33331 ||| Stepping randomly (stuck).
 33332 | Lair:6   | 33332 ||| Stepping randomly (stuck).
 33333 | Lair:6   | 33333 ||| Stepping randomly (stuck).
 33334 | Lair:6   | 33334 ||| Stepping randomly (stuck).
 33335 | Lair:6   | 33335 ||| Stepping randomly (stuck).
 33337 | Lair:6   | 33337 ||| Stepping randomly (stuck).
 33338 | Lair:6   | 33338 ||| Stepping randomly (stuck).
 33339 | Lair:6   | 33339 ||| Stepping randomly (stuck).
 33340 | Lair:6   | 33340 ||| Stepping randomly (stuck).
 33341 | Lair:6   | 33341 ||| Stepping randomly (stuck).
 33342 | Lair:6   | 33342 ||| Stepping randomly (stuck).
 33343 | Lair:6   | 33343 ||| Stepping randomly (stuck).
 33380 | Slime:1  | Entered Level 1 of the Pits of Slime
 33381 | Slime:1  | 33381 ||| Entered M.
 33385 | Slime:1  | 33385 ||| DRINKING 8 potions of curing.
 33385 | Slime:1  | 33385 ||| (to cure confusion)
 33400 | Slime:2  | 33400 ||| INVOKING Berserk.
 33424 | Slime:2  | 33424 ||| INVOKING Brothers in Arms.
 33427 | Slime:2  | 33427 ||| INVOKING Brothers in Arms.
 33428 | Slime:2  | 33428 ||| INVOKING Heal Wounds.
 33430 | Slime:2  | Received a gift from Trog
 33431 | Slime:2  | 33431 ||| INVOKING Heal Wounds.
 33432 | Slime:2  | 33432 ||| INVOKING Trog's Hand.
 33436 | Slime:2  | 33436 ||| EATING 52 rations.
 33437 | Slime:2  | 33437 ||| Stepping randomly (stuck).
 33442 | Slime:2  | 33442 ||| INVOKING Heal Wounds.
 33446 | Slime:2  | 33446 ||| INVOKING Brothers in Arms.
 33447 | Slime:2  | 33447 ||| INVOKING Heal Wounds.
 33449 | Slime:2  | 33449 ||| INVOKING Heal Wounds.
 33450 | Slime:2  | 33450 ||| INVOKING Heal Wounds.
 33451 | Slime:2  | 33451 ||| INVOKING Heal Wounds.
 33452 | Slime:2  | 33452 ||| INVOKING Heal Wounds.
 33455 | Slime:2  | 33455 ||| INVOKING Heal Wounds.
 33456 | Slime:2  | 33456 ||| Stepping randomly (stuck).
 33468 | Slime:2  | 33468 ||| INVOKING Trog's Hand.
 33474 | Slime:2  | 33474 ||| Stepping randomly (stuck).
 33508 | Slime:3  | 33508 ||| INVOKING Berserk.
 33519 | Slime:3  | 33519 ||| STAIRDANCE
 33572 | Slime:4  | 33572 ||| DRINKING 7 potions of curing.
 33572 | Slime:4  | 33572 ||| (to cure confusion)
 33576 | Slime:4  | 33576 ||| DRINKING 6 potions of curing.
 33576 | Slime:4  | 33576 ||| (to cure confusion)
 33586 | Slime:5  | Entered Level 5 of the Pits of Slime
 33603 | Slime:5  | 33603 ||| INVOKING Berserk.
 33611 | Slime:5  | Gained mutation: You are frail. (-10% HP) [a shining eye]
 33623 | Slime:5  | 33623 ||| DRINKING 3 potions of cancellation.
 33624 | Slime:5  | 33624 ||| INVOKING Heal Wounds.
 33625 | Slime:5  | 33625 ||| INVOKING Trog's Hand.
 33627 | Slime:5  | 33627 ||| INVOKING Heal Wounds.
 33633 | Slime:5  | 33633 ||| EATING 51 rations.
 33650 | Slime:5  | 33650 ||| INVOKING Heal Wounds.
 33663 | Slime:5  | 33663 ||| DRINKING 3 potions of mutation.
 33663 | Slime:5  | Lost mutation: You are frail. (-10% HP) [potion of
                  | mutation]
 33663 | Slime:5  | Gained mutation: Your mind is acute. (Int +2) [potion of
                  | mutation]
 33663 | Slime:5  | Gained mutation: You are resistant to hostile enchantments.
                  | (MR+) [potion of mutation]
 33664 | Slime:5  | 33664 ||| INVOKING Heal Wounds.
 33750 | Slime:5  | 33750 ||| INVOKING Berserk.
 33761 | Slime:5  | 33761 ||| INVOKING Brothers in Arms.
 33765 | Slime:5  | 33765 ||| INVOKING Heal Wounds.
 33766 | Slime:5  | 33766 ||| INVOKING Heal Wounds.
 33769 | Slime:5  | 33769 ||| INVOKING Trog's Hand.
 33773 | Slime:5  | Noticed the Royal Jelly
 33783 | Slime:5  | 33783 ||| INVOKING Brothers in Arms.
 33788 | Slime:5  | 33788 ||| DRINKING 2 potions of cancellation.
 33790 | Slime:5  | 33790 ||| INVOKING Heal Wounds.
 33792 | Slime:5  | 33792 ||| INVOKING Heal Wounds.
 33794 | Slime:5  | 33794 ||| DRINKING potion of cancellation.
 33795 | Slime:5  | 33795 ||| INVOKING Heal Wounds.
 33796 | Slime:5  | 33796 ||| INVOKING Heal Wounds.
 33797 | Slime:5  | 33797 ||| INVOKING Heal Wounds.
 33798 | Slime:5  | 33798 ||| INVOKING Heal Wounds.
 33799 | Slime:5  | 33799 ||| INVOKING Heal Wounds.
 33800 | Slime:5  | 33800 ||| INVOKING Heal Wounds.
 33802 | Slime:5  | 33802 ||| INVOKING Heal Wounds.
 33810 | Slime:5  | HP: 42/186 [acid (9)]
 33813 | Slime:5  | 33813 ||| INVOKING Heal Wounds.
 33814 | Slime:5  | 33814 ||| INVOKING Heal Wounds.
 33815 | Slime:5  | 33815 ||| INVOKING Heal Wounds.
 33816 | Slime:5  | 33816 ||| INVOKING Berserk.
 33826 | Slime:5  | HP: 65/279 [acid[the Royal Jelly] (5)]
 33831 | Slime:5  | HP: 14/279 [the Royal Jelly (24)]
 33831 | Slime:5  | HP: 2/279 [azure jelly[the Royal Jelly] (6)]
 33832 | Slime:5  | Slain by an azure jelly

Levels and vault maps discovered:
D:1:      onia_arrival_zoo_common, layout_loops_ring, serial_aquarium,
          aquarium_bridge_square [aquarium_subvault_wall,
          aquarium_subvault_bridge, aquarium_subvault_bridge,
          aquarium_subvault_bridge], aquarium_window_2, aquarium_window_2,
          aquarium_window_corner, aquarium_view_2c, aquarium_view_2a,
          aquarium_balcony_double_3
D:2:      layout_basic
D:3:      cheibrodos_greedy_goblins, layout_rooms,
          chequers_ecumenical_altar_simple_redux, moated_statue, uniq_robin
D:4:      layout_loops_ring, temple_pool_b, uniq_edmund
D:5:      layout_loops_ring, lemuel_crystal_altar, first_ration,
          chequers_garden, kennysheep_boxes, uniq_prince_ribbit1, uniq_eustachio
D:6:      layout_basic, vehumet_altar_wand_db, elyvilon_altar_5,
          portal_sewer_entry_f, minmay_microvault
D:7:      minmay_the_grid_square_5x5_3x3
          [minmay_the_grid_square_5x5_sharp_hourglass,
          minmay_the_grid_square_5x5_meh, minmay_the_grid_square_5x5_forky,
          minmay_the_grid_square_5x5_v,
          minmay_the_grid_square_5x5_megaprize_crossed,
          minmay_the_grid_square_5x5_bite,
          minmay_the_grid_square_5x5_inverted_slash,
          minmay_the_grid_square_5x5_intrusive_squares,
          minmay_the_grid_square_5x5_two_walls_b], layout_loops_ring,
          lemuel_coloured_pillars_altar, serial_shops, kennysheep_mini_moat,
          gammafunk_ghost_wrathful_warriors, grunt_livestock,
          minmay_strange_pillars
D:8:      layout_layer_cave
D:9:      layout_long_grid, erik_lair_island, serial_glass, glass_columns_a,
          glass_columns_b, glass_columns_c, glass_columns_a, glass_columns_a,
          glass_columns_a, glass_columns_a, glass_columns_a, glass_columns_a,
          glass_columns_b, uniq_gastronok
D:10:     layout_gridville, serial_shops, shop, minivault_14,
          hangedman_decor_points
D:11:     layout_roguey [special_room_orc]
D:12:     minmay_bloctagon_deflated, layout_stronghold, zombieorc2_lemuel,
          ebering_ghost_reflecting_pool, nicolae_looking_at_the_future
D:13:     layout_loops_ring, trove_entry_hex_spiral
D:14:     layout_rooms, david_vaults_2, grunt_dithmenos_smoke
D:15:     hangedman_spin_cycle, serial_shops, uniq_nessos, uniq_kirke
Lair:1:   layout_gridlike
Lair:2:   layout_misc_corridors, nicolae_spider_entry_tight_spaces
Lair:3:   layout_gridlike, elwin_shoals_entry_rooms, infiniplex_staircase_pool_2
Lair:4:   layout_gridlike, gammafunk_ghost_split, lemuel_fruit_fields
Lair:5:   layout_cave_pods, minmay_slime_entry_oklob_open,
          gauntlet_entry_generic, special_room [special_room_mythical_zoo],
          serial_bayou_pond_a, wad_woods_road_01, nicolae_quartered_pool_super
Lair:6:   grunt_lair_end_beastmaster, layout_long_grid, basic_altar
Shoals:1: layout_shoals, uniq_donald
Spider:1: layout_chambers
Spider:2: layout_spider_delve, drop_trap, nicolae_spider_shape
Spider:3: layout_spider_delve
Spider:4: grunt_spider_rune_circles
Slime:1:  layout_caves
Slime:2:  layout_caves
Slime:3:  layout_caves
Slime:4:  layout_caves
Slime:5
Orc:1:    layout_caves, basic_altar, nicolae_orc_lost_temple, uniq_nergalle
Orc:2:    grunt_orc_community_town_hall, layout_caves,
          grunt_orc_community_big_house_1, grunt_orc_community_big_house_1,
          grunt_orc_community_house_3, grunt_orc_community_house_2,
          grunt_orc_community_house_2, grunt_orc_community_house_1,
          mines2_david, uniq_erolcha, uniq_maurice
Vaults:1: vaults_mumra_hex, v_alt_pattern_1,
          vaults_standard_mumra_enter_the_diamond, hangedman_vaults_restitches,
          nicolae_vaults_windows_and_doors_thing, hangedman_vaults_cutoff,
          nicolae_vaults_little_squares_6, vaults_room_grunt_arrival_ludios,
          vaults_dpeg_hooks, vaults_room_hallway, layout_vaults_omnigrid
Vaults:2: v_rooms_3, vaults_room_pool, v_misc_16, v_misc_28,
          vaults_room_corners, vaults_dpeg_ring, layout_vaults_chaotic_city
Vaults:3: grunt_vaults_hallway_long, grunt_vaults_funnel,
          minmay_crypt_entry_necro_gods, vaults_room_semicircle,
          vaults_standard_mumra_lines, vaults_room_semicircle,
          hangedman_vaults_variations, v_misc_17, vaults_mumra_chevron_long,
          nicolae_vaults_mini_display_case, layout_vaults_omnicross,
          serial_shops, nicolae_shop_behind_doors
Vaults:4: vaults_room_corners, nicolae_vaults_yaktaur_gun_rack, st_spiral_rooms,
          v_rooms_6, nicolae_vaults_asterisk, nicolae_vaults_specimen_jars,
          nicolae_vaults_circle_grid_a, v_misc_18, nicolae_vaults_circle_grid_a,
          ontoclasm_vaults_fault, hangedman_vaults_pinch,
          nicolae_vaults_little_squares_1, nicolae_vaults_little_squares_1,
          nicolae_vaults_twisting_passages, layout_vaults_maze_bifur,
          uniq_xtahua

Skill      XL: |  1  2  3  4  5  6  7  8  9 10 11 12 13 14 15 16 17 18 19 |
---------------+----------------------------------------------------------+-----
Axes           | 4 5 7 8 9 10 11 12 14 15 17 18 | 18.0
Shields        | 1 2 3 4 6 7 8 9 10 11 12 14 16 17 18 19 | 19.0
Fighting       | 3 4 5 7 8 9 10 11 12 13 14 15 | 15.3
Armour         | 3 4 6 8 9 10 12 14 15 17 18 19 | 19.0
Evocations     | 3 4 5 |  5.4
Dodging        | 3 4 5 7 9 10 11 | 11.9

Action                   |  1- 3 |  4- 6 |  7- 9 | 10-12 | 13-15 | 16-18 | 19-21 || total
-------------------------+-------+-------+-------+-------+-------+-------+-------++-------
Melee: Hand axe          |   144 |   199 |   480 |    31 |       |       |       ||   854
       War axe           |       |       |   162 |       |       |       |       ||   162
       Broad axe         |       |       |       |   442 |  1257 |  1450 |   366 ||  3515
Throw: Javelin           |       |       |       |       |    90 |   148 |    25 ||   263
Invok: Berserk           |     2 |     5 |     9 |    21 |    18 |    10 |     9 ||    74
       Brothers in Arms  |       |       |       |     7 |     9 |    21 |     5 ||    42
       Trog's Hand       |       |       |       |       |     1 |     3 |     6 ||    10
 Abil: Heal Wounds       |     2 |     2 |     7 |    14 |    23 |    30 |    29 ||   107
  Use: Scroll            |    10 |     2 |    11 |    12 |    12 |     5 |     2 ||    54
       Potion            |       |     1 |     2 |     2 |     2 |    21 |     7 ||    35
 Stab: Distracted        |       |       |       |       |     2 |     6 |     1 ||     9
  Eat: Chunk             |     4 |     8 |    14 |    27 |    45 |    36 |     9 ||   143
       Ration            |       |       |     3 |     4 |     2 |     4 |     3 ||    16
Armor: Animal skin       |    11 |       |       |       |       |       |       ||    11
       Ring mail         |    22 |     8 |       |       |       |       |       ||    30
       Chain mail        |       |    52 |   155 |       |       |       |       ||   207
       Plate armour      |       |       |       |   163 |   263 |   572 |   162 ||  1160
Dodge: Dodged            |    33 |    22 |    44 |    62 |   214 |   372 |   103 ||   850
Block: Large shield      |    72 |    90 |   419 |   344 |   806 |  1316 |   342 ||  3389
       Reflection        |       |       |     2 |       |       |       |       ||     2

Table legend:
 A = Non-vault XP
 B = Vault XP
 C = Vault XP percentage of total XP
 D = Non-vault monster count
 E = Vault monster count
 F = Vault count percentage of total count
                 A         B        C        D         E       F
            +---------+---------+-------+---------+---------+-------
      Total |  263437 |  195955 |  42.7 |     947 |     512 |  35.1
            +---------+---------+-------+---------+---------+-------
        D:1 |      30 |       0 |   0.0 |      15 |       0 |   0.0
        D:2 |      99 |       0 |   0.0 |      32 |       0 |   0.0
        D:3 |     291 |      52 |  15.2 |      26 |      19 |  42.2
        D:4 |     522 |     157 |  23.1 |      15 |       1 |   6.2
        D:5 |     750 |     482 |  39.1 |      27 |       2 |   6.9
        D:6 |    1025 |     220 |  17.7 |      23 |       6 |  20.7
        D:7 |    1593 |    2147 |  57.4 |      38 |      21 |  35.6
        D:8 |     727 |       0 |   0.0 |      13 |       0 |   0.0
        D:9 |    2166 |    2952 |  57.7 |      25 |       6 |  19.4
       D:10 |    2467 |       0 |   0.0 |      24 |       0 |   0.0
       D:11 |    4003 |    2064 |  34.0 |      33 |      26 |  44.1
       D:12 |    7523 |    3665 |  32.8 |      46 |      49 |  51.6
       D:13 |    6141 |       0 |   0.0 |      26 |       0 |   0.0
       D:14 |   10755 |     904 |   7.8 |      31 |       3 |   8.8
       D:15 |     776 |   47542 |  98.4 |       3 |      87 |  96.7
     Lair:1 |    5602 |       0 |   0.0 |      28 |       0 |   0.0
     Lair:2 |    4725 |    1984 |  29.6 |      12 |       7 |  36.8
     Lair:3 |    4249 |    3553 |  45.5 |      17 |       5 |  22.7
     Lair:4 |    1689 |       0 |   0.0 |       6 |       0 |   0.0
     Lair:5 |    2105 |    4748 |  69.3 |      10 |      21 |  67.7
     Lair:6 |   10607 |    8731 |  45.1 |      30 |      18 |  37.5
   Spider:1 |   14285 |       0 |   0.0 |      49 |       0 |   0.0
   Spider:2 |    9725 |    3009 |  23.6 |      33 |       8 |  19.5
   Spider:3 |   19039 |       0 |   0.0 |      48 |       0 |   0.0
   Spider:4 |   15213 |   21512 |  58.6 |      49 |      39 |  44.3
    Slime:1 |     196 |       0 |   0.0 |       1 |       0 |   0.0
    Slime:2 |   11088 |       0 |   0.0 |      21 |       0 |   0.0
    Slime:3 |    3298 |       0 |   0.0 |       4 |       0 |   0.0
    Slime:4 |    1143 |       0 |   0.0 |       6 |       0 |   0.0
    Slime:5 |    7407 |   11123 |  60.0 |      11 |       9 |  45.0
      Orc:1 |     493 |     812 |  62.2 |      10 |       1 |   9.1
      Orc:2 |    2717 |    6706 |  71.2 |      37 |      69 |  65.1
   Vaults:1 |   26177 |   24769 |  48.6 |      59 |      39 |  39.8
   Vaults:2 |   12400 |    8461 |  40.6 |      21 |      11 |  34.4
   Vaults:3 |   26710 |   15412 |  36.6 |      40 |      18 |  31.0
   Vaults:4 |   45701 |   24869 |  35.2 |      78 |      27 |  25.7
      Sewer |       0 |      81 | 100.0 |       0 |      20 | 100.0
            +---------+---------+-------+---------+---------+-------
